 Dungeon Crawl Stone Soup version 0.31-a0-227-ga22c3bf811 (webtiles) character file.

Game seed: 10657886728826329536

18184989 Decritt the Marid (level 27, 96/228 HPs)
             Began as a Djinni Hedge Wizard on July 5, 2023.
             Was the Champion of Jiyva.
             Escaped with the Orb
             ... and 15 runes on July 6, 2023!
             The game lasted 08:16:11 (84873 turns).

Decritt the Marid (Djinni Hedge Wizard)            Turns: 84873, Time: 08:16:12

Health: 96/228     AC: 27    Str: 12    XL:     27
Gold:   7503       EV: 26    Int: 33    God:    Jiyva [******] SH: 24 Dex: 21

rFire   + + .        V - staff "Susubran" {rN++ Int+4 Dex+4 Earth}
rCold   + + .        J - +5 Storm Queen's Shield {shock, Fly rElec}
rNeg    + + .        e - +6 scale mail "Xaurerch" {+Inv rPois Regen+ Slay+5}
rPois   ∞            (helmet restricted)
rElec   +            h - +4 dragonskin cloak
rCorr   +            P - +0 pair of gloves of Xisch {rF+ Will+ MP+9 Dex-2}
SInv    +            (boots unavailable)
Will    +++++        u - amulet of Intercession {Will+ Regen+}
Stlth   ++           x - ring "Huzuck" {rPois rF- rC++ Str+3 SInv}
HPRegen 4.58/turn    S - ring of Sykuk {rC+ Will+ Int+3 Dex+4}
MPRegen 0.00/turn

%: no passive effects
@: flying, studying 4 skills
A: sickness immunity, fire resistance 2, cold vulnerability 1, float, innate
caster, HP casting, extra vitality 1, horns 1, dopey 1, regeneration 1, noise
suppression
0: Orb of Zot
}: 15/15 runes: decaying, slimy, silver, golden, iron, obsidian, icy, bone,
abyssal, demonic, glowing, magical, fiery, dark, gossamer
a: Renounce Religion, Evoke Invisibility, Oozemancy, Slimify


You escaped.
You worshipped Jiyva.
Jiyva was exalted by your worship.
You visited 18 branches of the dungeon, and saw 87 of its levels.
You visited Pandemonium 1 time, and saw 12 of its levels.
You visited the Abyss 2 times.
You visited 1 ziggurat, and saw 22 of its levels.
You also visited: Sewer, Gauntlet, Ice Cave and Volcano.

You collected 15374 gold pieces.
You spent 7871 gold pieces at shops.

Inventory:

Armour
 c - the +3 hat of Pondering {ponderous, Will+ MP+10 Int+5}
   (You bought it in a shop on level 9 of the Dungeon)

   Int:       It affects your intelligence (+5).
   MP:        It affects your magic capacity (+10).
   Will:      It increases your willpower.
 e - the +6 scale mail "Xaurerch" (worn) {+Inv rPois Regen+ Slay+5}
   (You bought it in a shop on level 9 of the Dungeon)

   Slay:      It affects your accuracy & damage with ranged weapons and melee
   (+5).
   rPois:     It protects you from poison.
   +Inv:      It lets you turn invisible.
   Regen:     It increases your rate of health regeneration.
 h - the +4 dragonskin cloak (worn)
   (You took it off Tiamat on level 1 of the Realm of Zot)

   Avatar's Aegis: It grants the wearer a chance to resist fire, cold, poison,
   electricity, acid, and negative energy.
 l - the +1 helmet of Love and Death {Regen+ Str-3 Int+3}
   (You found it on level 3 of the Tomb of the Ancients)

   Str:       It affects your strength (-3).
   Int:       It affects your intelligence (+3).
   Regen:     It increases your rate of health regeneration.
 J - the +5 Storm Queen's Shield (worn) {shock, Fly rElec}
   (You found it on level 5 of the Vaults)

   Shock:     When it blocks an attack, it may electrocute the attacker.
   This works even against foes who are a short distance away.
   rElec:     It insulates you from electricity.
   Fly:       It grants you flight.
 P - the +0 pair of gloves of Xisch (worn) {rF+ Will+ MP+9 Dex-2}
   (You acquired it on level 15 of a ziggurat)

   Dex:       It affects your dexterity (-2).
   rF:        It protects you from fire.
   MP:        It affects your magic capacity (+9).
   Will:      It increases your willpower.
Magical Staves
 V - the staff "Susubran" (weapon) {rN++ Int+4 Dex+4 Earth}
   (You found it on level 21 of a ziggurat)

   [staff of earth]

   Base accuracy: +5 Base damage: 5 Base attack delay: 1.2 This weapon's minimum
   attack delay (0.6) is reached at skill level 12.
   Int:       It affects your intelligence (+4).
   Dex:       It affects your dexterity (+4).
   rN:        It greatly protects you from negative energy.
   Earth:     It increases the power of your Earth spells.
   It falls into the 'Staves' category.
   It is a one-handed weapon.
Jewellery
 b - the ring "Najijar" {Contam rN+ MP+9 SInv}
   (You found it on level 3 of the Tomb of the Ancients)

   [ring of magical power]

   rN:        It protects you from negative energy.
   MP:        It affects your magic capacity (+9).
   SInv:      It lets you see invisible.
   Contam:    It causes magical contamination when unequipped.
 u - the amulet of Intercession (around neck) {Will+ Regen+}
   (You found it on level 10 of a ziggurat)

   [amulet of regeneration]

   Regen:     It increases your rate of health regeneration.
   Will:      It increases your willpower.
 x - the ring "Huzuck" (left hand) {rPois rF- rC++ Str+3 SInv}
   (You found it on level 3 of the Swamp)

   [ring of poison resistance]

   Str:       It affects your strength (+3).
   rF:        It makes you vulnerable to fire.
   rC:        It greatly protects you from cold.
   rPois:     It protects you from poison.
   SInv:      It lets you see invisible.
 S - the ring of Sykuk (right hand) {rC+ Will+ Int+3 Dex+4}
   (You found it on level 17 of a ziggurat)

   [ring of willpower]

   Int:       It affects your intelligence (+3).
   Dex:       It affects your dexterity (+4).
   rC:        It protects you from cold.
   Will:      It increases your willpower.
Wands
 D - a wand of digging (38)
Scrolls
 k - 9 scrolls of poison
 q - a scroll of blinking
 v - 10 scrolls of fog
 y - 3 scrolls of butterflies
 z - 17 scrolls of teleportation
 B - 6 scrolls of revelation
 F - 5 scrolls of immolation
 K - 7 scrolls of fear
Potions
 a - 5 potions of haste
 d - 16 potions of curing
 g - 8 potions of enlightenment
 i - 5 potions of invisibility
 n - 10 potions of mutation
 o - 5 potions of cancellation
 p - 18 potions of heal wounds
 s - 7 potions of lignification
 t - 4 potions of ambrosia
 w - 4 potions of brilliance
 A - a potion of resistance
Miscellaneous
 f - a phial of floods
 j - a figurine of a ziggurat
 m - a piece from Xom's chessboard (15/15)
 r - a phantom mirror
 C - a sack of spiders
 M - the horn of Geryon (inert)


   Skills:
 O Level 27 Fighting
 O Level 27 Armour
 O Level 27 Dodging
 + Level 18.5 Stealth
 O Level 27 Shields
 O Level 27 Spellcasting
 O Level 27 Conjurations
 O Level 27 Hexes
 O Level 27 Summonings
 O Level 27 Necromancy
 O Level 27 Translocations
 O Level 27 Transmutations
 O Level 27 Fire Magic
 O Level 27 Ice Magic
 O Level 27 Air Magic
 O Level 27 Earth Magic
 O Level 27 Poison Magic
 + Level 23.2 Evocations


You knew the following spells:

 Your Spells              Type           Power      Damage    Failure   Level
a - Plasma Beam           Fire/Air       61%        2x1d77    0%          6
b - Leda's Unmaking       Conj/Erth      73%        9d12      0%          6
c - Starburst             Conj/Fire      61%        6d16      0%          6
d - Fire Storm            Conj/Fire      61%        8d15      1%          9
e - Dragon's Call         Summ           61%        N/A       1%          9
f - Lee's Rapid Deconstr  Erth           73%        3d33*     0%          5
g - Lesser Beckoning      Tloc           100%       N/A       0%          2
h - Slow                  Hex            100%       N/A       0%          1
i - Summon Small Mammal   Summ           100%       N/A       0%          1
j - Silence               Hex/Air        61%        N/A       0%          5
k - Call Imp              Summ           100%       N/A       0%          2
l - Magic Dart            Conj           100%       1d8       0%          1
m - Mephitic Cloud        Conj/Pois/Air  100%       N/A       0%          3
n - Summon Guardian Gole  Hex/Summ       100%       N/A       0%          3
o - Borgnjor's Revivific  Necr           61%        N/A       1%          8
p - Dazzling Flash        Conj/Hex       100%       N/A       0%          3
q - Infestation           Necr           61%        N/A       1%          8
r - Blink                 Tloc           100%       N/A       0%          2
Your spell library was empty.

Dungeon Overview and Level Annotations

Branches:
Dungeon (15/15)            Temple (1/1) D:5            Lair (5/5) D:9
  Swamp (4/4) Lair:3       Spider (4/4) Lair:2        Slime (5/5) Lair:5
    Orc (2/2) D:11            Elf (3/3) Orc:2        Vaults (5/5) D:13
  Crypt (3/3) Vaults:3       Tomb (3/3) Crypt:3      Depths (4/4) D:15
   Hell (visited)             Dis (7/7) Hell            Geh (7/7) Hell
    Coc (7/7) Hell            Tar (7/7) Hell            Zot (5/5) Depths:4
  Sewer (visited)           IceCv (visited)         Volcano (visited)
Gauntlet (visited)

Altars:
Ashenzari
Cheibriados
Dithmenos
Elyvilon
Fedhas
Gozag
Hepliaklqana
Makhleb
Nemelex Xobeh
Okawaru
Qazlal
Ru
Trog
Uskayaw
Wu Jian
Xom
Yredelemnul
Zin
The Shining One
Jiyva

Shops:
D:9 [   D:12 [   D:13 =(!   D:14 [   Orc:2 [?*==   Elf:3 *((?   Vaults:2 :
Vaults:3 !   Vaults:4 =   Depths:4 ***[

Portals:
Hell: Depths:1 Depths:2 Depths:3 Depths:4
Abyss: Depths:3
Pandemonium: Depths:2

Annotations:
Slime:3 Dissolution
Slime:5 Royal Jelly


Innate Abilities, Weirdness & Mutations

You are immune to sickness and miasma.
You are immune to poison.
Your flesh is very heat resistant. (rF++)
You are vulnerable to cold. (rC-)
You float through the air rather than walking.
You learn spells naturally, not from books.
Your magical power is your life essence.
You have superior vitality. (+4 MHP)
You have a pair of small horns on your head.
You are dopey. (Int -2)
Your natural rate of healing is unusually fast.
You passively dampen the noise of your surroundings.


Message History

The rust devil resists.
The blast of lightning engulfs you! You resist.
The blast of lightning engulfs Kiyrig!
Kiyrig resists.
The blast of lightning engulfs the ball lightning.
The ball lightning completely resists.
The blast of lightning engulfs the ball lightning.
The ball lightning completely resists.
The blast of lightning engulfs the ball lightning.
The ball lightning completely resists.
The blast of lightning engulfs the ball lightning.
The ball lightning completely resists.
The ball lightning explodes!
The blast of lightning engulfs you! You resist.
* * * LOW HITPOINT WARNING * * *
The blast of lightning engulfs Kiyrig!
Kiyrig resists.
Kiyrig closely misses you.
A green death comes into view.
The forest fire spreads! x2
The ball lightning explodes!
The blast of lightning engulfs the rust devil!
The rust devil resists.
The rust devil dies!
The blast of lightning engulfs Kiyrig!
Kiyrig resists.
The blast of lightning engulfs the ball lightning.
The ball lightning completely resists.
The blast of lightning engulfs the ball lightning.
The ball lightning completely resists.
The blast of lightning engulfs you! You resist.
* * * LOW HITPOINT WARNING * * *
Kiyrig gestures at you. The crystal spear hits you!
* * * LOW HITPOINT WARNING * * *
The forest fire spreads! x2
There is a staircase leading out of the dungeon here.
The ball lightning explodes!
The blast of lightning engulfs Kiyrig!
Kiyrig resists.
The blast of lightning engulfs the ball lightning.
The ball lightning completely resists.
The blast of lightning engulfs you. You resist.
* * * LOW HITPOINT WARNING * * *
You have escaped!

.♣♣♣.♣♣ .........♣ ♣♣
♣♣.♣♣♣♣♣♣♣........♣ ♣
♣♣..♣♣.§§§.......♣
♣♣♣...§§§.§.....♣
♣♣.♣§.§.§....♣
♣♣.♣......*...♣ ♣♣
♣.♣♣♣♣§§.....§♣♣ ≈♣♣♣
♣♣.♣♣♣§§§~~&†.§§♣
≈≈≈♣♣♣.♣.♣...♣..@§§§§♣
♣≈≈≈♣♣♣..2.♣§§§§§§§§♣♣
♣≈≈♣♣ ♣♣♣P♣.§§♣§§♣§§♣
♣♣♣♣ ♣♣♣♣♣♣♣♣♣♣♣♣♣


You could see Kiyrig and a ball lightning.

Vanquished Creatures
  Cerebov (Pan)
  Antaeus (Coc:7)
  the Serpent of Hell (Geh:7)
  Lom Lobon (Pan)
  6 dread liches
  The ghost of Cetzew the Metallomancer, a legendary GrEE of Cheibriados (Zig:18)
  3 orbs of fire (Zot:5)
  13 ancient liches
  The ghost of pornopis the Crack Shot, a legendary BaHu of Cheibriados (Zig:18)
  Mara (Elf:3)
  2 juggernauts (Depths:4)
  Boris (thrice) (Crypt:2 Crypt:3 Tomb:3)
  29 royal mummies
  The ghost of Utoppaes the Warrior, a veteran GrFi of the Shining One (Vaults:3)
  The ghost of Ucsunolie the Warrior, a veteran GrFi of the Shining One (Crypt:1)
  The ghost of Asajosug the Merry Gargoyle, a legendary GrBe of the Shining One (Crypt:1)
  9 shard shrikes
  The ghost of Zijastu the Axe Maniac, a veteran MiBe of Trog (Crypt:1)
  4 Killer Klowns
  Saint Roka (Crypt:2)
  14 golden dragons
  The ghost of Yhipuh the Earth Mage, a veteran GrEE of Ashenzari (Vaults:3)
  The ghost of Yhipuh the Earth Mage, a veteran GrEE of Ashenzari (Crypt:1)
  A curse toe (Zot:2)
  34 caustic shrikes
  Geryon (Hell)
  8 profane servitors
  Arachne (Spider:1)
  8 pandemonium lords
  The ghost of Cikey the Warrior, an adept DgNe (Vaults:3)
  The ghost of Cikey the Warrior, an adept DgNe (Crypt:1)
  16 Tzitzimimeh
  10 bone dragons
  15 doom hounds
  7 hellephants
  8 iron giants
  3 electric golems
  15 Brimstone Fiends
  8 tainted leviathans
  26 Hell Sentinels
  A spectral shard shrike (Tar:3)
  39 Ice Fiends
  19 tentacled monstrosities
  27 Orb Guardians
  A walking frostbound tome (Depths:3)
  Grunn (Zot:1)
  4 deep elf blademasters
  15 liches
  Mlioglotl (Swamp:2)
  Jorgrun (Orc:1)
  25 searing wretches
  A walking divine tome (Depths:2)
  11 quicksilver dragons
  18 Executioners
  10 tentacled starspawn (Abyss:3)
  21 ancient champions
  15 sphinxes
  2 deep elf master archers (Elf:3)
  19 titans
  7 death cobs
  9 tengu reavers
  The ghost of MrAu the Peltast, an adept DrGl of Xom (Swamp:3)
  15 draconian monks
  13 shadow dragons
  A thorn hunter (Swamp:4)
  12 storm dragons
  17 fire giants
  6 draconian knights
  A daeva (Depths:2)
  10 revenants
  Roxanne (D:14)
  Donald (Crypt:2)
  16 frost giants
  3 nagarajas (Zig:12)
  15 quicksilver elementals
  6 demonspawn warmongers (Pan)
  15 vault wardens
  32 balrugs
  The ghost of nakedcarnage the Warrior, an adept OpCK of Hepliaklqana (Elf:1)
  Aizul (Swamp:2)
  2 caustic shrike zombies
  11 emperor scorpions
  10 narguns
  4 iron dragons
  4 spectral juggernauts
  5 ghost moths
  8 shard shrike simulacra
  4 draconian scorchers
  7 deep elf sorcerers
  6 curse skulls
  3 juggernaut zombies
  4 spectral caustic shrikes
  2 draconian stormcallers (Zot:2)
  2 angels
  3 draconian shifters
  Louise (Spider:1)
  6 ghouls
  9 demonspawn corrupters (Pan)
  7 draconian annihilators
  4 deep elf elementalists
  22 cacodemons
  40 very ugly things
  24 war gargoyles
  An orc warlord (Vaults:3)
  A spriggan defender (Depths:4)
  17 reapers
  A demonspawn blood saint (Zig:9)
  19 ironbound preservers
  3 ironbound thunderhulks
  11 stone giants
  2 broodmothers (Spider:4)
  5 deep elf demonologists
  A rockslime zombie (Crypt:1)
  32 elemental wellsprings
  The ghost of Xawanas the Fencer, a journeyman DgDe (D:14)
  5 green draconians
  8 eleionomae
  9 vampire knights
  7 bunyips
  7 deep elf annihilators
  11 demonspawn black suns
  18 bennus
  10 lorocyprocas
  4 spark wasps
  20 dire elephants
  22 starcursed masses (Abyss:3)
  6 yellow draconians
  16 putrid mouths
  9 white draconians
  10 black draconians
  A minotaur (Elf:1)
  7 purple draconians
  16 iron golems
  11 red draconians
  20 wendigos
  A merfolk javelineer (Elf:1)
  15 fire dragons
  10 blizzard demons
  11 ettins
  11 deep elf death magi
  22 green deaths
  A spectral quicksilver dragon (Tar:3)
  11 eidola
  27 mummy priests
  Josephine (Orc:1)
  16 jiangshi
  A merfolk impaler (Elf:1)
  5 spriggan zombies
  12 entropy weavers
  The ghost of andwaal the Fighter, a journeyman HOFi of Beogh (Lair:1)
  8 shambling mangroves
  7 spectral spriggans
  8 deep elf high priests
  16 yaktaur captains
  29 vault guards
  A quicksilver dragon skeleton (Crypt:3)
  An entropy weaver (shapeshifter) (D:15)
  A peacekeeper (Vaults:4)
  10 salamander tyrants
  9 ironbound frosthearts
  8 hell beasts
  13 ice dragons
  2 ogre magi
  9 rakshasas
  2 spriggan air magi (Depths:2)
  10 ghost crabs
  Harold (Orc:1)
  4 jorogumos
  23 caustic shrike simulacra
  8 centaur warriors
  2 boulder beetles
  17 hydras
  3 catoblepae
  3 radroaches
  8 stokers
  3 two-headed ogres
  10 juggernaut simulacra
  A fenstrider witch skeleton (Crypt:3)
  A death knight (Crypt:1)
  34 dancing weapons
  2 naga warriors
  2 merfolk aquamancers (Zig:13)
  42 hell hogs
  9 alligators
  36 death scarabs
  A spectral dire elephant (Tar:4)
  2 deep troll shamans
  11 vampire magi
  4 death yaks
  A satyr (Abyss:3)
  A spectral naga (Tar:4)
  19 demonic crawlers
  4 naga sharpshooters
  5 tengu warriors
  6 shock serpents
  6 spriggan berserkers
  5 deep troll earth magi
  Nergalle (D:10)
  5 thrashing horrors (Abyss:3)
  5 hell knights
  33 soul eaters
  5 orc high priests (Orc:2)
  38 deep elf knights
  56 sun demons
  5 spriggans
  7 iron trolls
  30 skeletal warriors
  2 spectral death yaks (Lair:5)
  3 storm dragon zombies
  5 crystal echidnas
  22 shadow wraiths
  A storm dragon skeleton (Vaults:3)
  3 titan skeletons
  Lodul (D:14)
  Amaemon (D:10)
  4 pharaoh ants
  A salamander mystic (Zig:7)
  15 wretched stars (Abyss:3)
  A spectral bunyip (Tar:2)
  An anaconda zombie (Crypt:2)
  10 death drakes
  32 sixfirhies
  A sun moth (Spider:3)
  A spectral anaconda (Lair:5)
  8 goliath frogs
  8 quicksilver dragon simulacra
  34 deep trolls
  7 spriggan druids
  2 naga ritualists
  5 tengu zombies
  11 flayed ghosts
  6 shadow demons (Pan)
  A shadow dragon zombie (Vaults:5)
  A bunyip skeleton (Pan)
  2 golden dragon skeletons
  10 swamp dragons
  12 orb spiders
  10 steelbarb worms
  An orange crystal statue (Depths:1)
  11 necromancers
  5 spectral hydras
  17 bog bodies
  8 spriggan simulacra
  A stone giant zombie (Vaults:3)
  16 wizards
  9 ironbound convokers
  10 lindwurms
  A spectral iron dragon (Tar:4)
  5 harpies (Vaults:2)
  12 orc knights
  15 deep elf archers
  39 deep elf zephyrmancers
  The ghost of caveywoolpert the Slasher, a novice DsMo (D:7)
  2 fire giant zombies
  2 iron dragon zombies
  An anaconda skeleton (Volcano)
  30 deep elf pyromancers
  2 obsidian statues
  25 phantasmal warriors
  2 salamanders
  A spectral ice dragon (Tar:1)
  4 mana vipers
  9 will-o-the-wisps
  19 wolf spiders
  A spectral ettin (Tar:3)
  50 ugly things
  6 cyclopes
  5 manticores
  47 large abominations
  A frost giant zombie (Hell)
  24 moths of wrath
  4 worldbinders (Abyss:3)
  A shadow dragon skeleton (Pan)
  3 orc sorcerers
  A spectral alligator snapping turtle (Tar:1)
  2 naga zombies
  7 naga magi
  5 molten gargoyles (Hell)
  A water nymph (Abyss:3)
  17 elephants
  A human skeleton (Vaults:5)
  4 guardian serpents
  A guardian serpent (shapeshifter) (D:14)
  An ice statue (IceCv)
  4 dire elephant zombies
  2 apocalypse crabs
  22 vault sentinels
  9 fire giant skeletons
  5 rust devils
  20 black mambas
  4 titan simulacra
  8 torpor snails
  56 smoke demons
  13 gargoyles
  6 unseen horrors
  26 orange demons
  A redback zombie (Crypt:2)
  4 centaur skeletons
  A dire elephant skeleton (Crypt:2)
  6 cane toads
  A storm dragon simulacrum (Coc:1)
  19 hellions
  8 komodo dragons
  8 efreet
  3 kobold demonologists
  7 ice devils
  25 yaktaurs
  2 rime drakes
  A white draconian zombie (Crypt:2)
  4 swamp worm zombies (Swamp:4)
  7 anaconda simulacra
  11 ancient zymes (Abyss:3)
  26 tormentors
  A golden dragon simulacrum (Coc:7)
  A tengu conjurer (Depths:2)
  An iron troll zombie (Crypt:1)
  8 freezing wraiths
  4 hydra zombies (Swamp:4)
  3 iron giant simulacra
  2 spectral harpies
  41 guardian mummies
  7 red devils
  3 wind drakes (shapeshifter)
  3 polar bears
  3 silent spectres
  8 tyrant leeches
  7 bloated husks
  15 hornets
  43 hellwings
  6 meliai (Spider:3)
  5 trolls
  Prince Ribbit (D:5)
  Grinder (D:6)
  A mana viper skeleton (Crypt:1)
  A sphinx simulacrum (Vaults:5)
  4 dream sheep (Lair:5)
  5 harpy skeletons
  A tengu simulacrum (Vaults:3)
  2 spectral swamp dragons (Swamp:4)
  10 raiju (Abyss:3)
  A hornet (shapeshifter) (Abyss:3)
  20 tarantellas
  25 blink frogs
  3 spectral elephants (Lair:5)
  A fire giant simulacrum (Zig:4)
  5 air elementals
  An iron dragon simulacrum (Coc:1)
  3 stone giant simulacra
  An ice dragon zombie (Crypt:3)
  An ettin zombie (Tomb:1)
  37 jumping spiders
  4 alligator zombies (Swamp:4)
  20 culicivoras
  23 flying skulls
  2 centaur simulacra (Coc:2)
  4 dire elephant simulacra
  8 vampires
  9 water elementals
  Sigmund (D:5)
  2 alligator skeletons (Volcano)
  8 fire dragon skeletons (Crypt:3)
  4 shadows
  7 wyverns
  33 ynoxinuls
  An ettin skeleton (Pan)
  63 yaks
  22 wraiths
  7 ushabtiu
  29 chaos spawn
  4 fire elementals
  A black mamba skeleton (Pan)
  33 neqoxecs
  A steam dragon (D:5)
  5 basilisks
  87 redbacks
  A spectral cane toad (Lair:5)
  9 vampire mosquitoes
  25 harpy simulacra
  A human zombie (Hell)
  15 small abominations
  2 wargs
  5 acid dragons
  7 nagas
  21 swamp worms
  3 hydra simulacra
  15 water moccasins
  A glowing shapeshifter zombie (Depths:2)
  A two-headed ogre skeleton (Crypt:3)
  A deep troll skeleton (Pan)
  38 orc warriors
  3 ice beasts
  A black bear (shapeshifter) (Elf:1)
  A great orb of eyes simulacrum (IceCv)
  A swamp drake (Swamp:2)
  3 black bears
  3 sky beasts
  6 ettin simulacra
  A black mamba simulacrum (Tomb:1)
  2 swamp dragon zombies (Swamp:4)
  11 wolves
  18 ogres
  3 centaurs
  2 elephant skeletons
  A hog skeleton (Crypt:1)
  3 phantoms (Swamp:4)
  12 kobold brigands
  A slime creature simulacrum (IceCv)
  A vine stalker zombie (Crypt:2)
  10 bullfrogs
  4 necrophages
  3 cane toad simulacra (Lair:5)
  2 scorpions
  A yaktaur skeleton (Crypt:1)
  2 glowing shapeshifter simulacra (IceCv)
  7 earth elementals
  A wight (Abyss:3)
  4 killer bees
  6 spriggan skeletons
  A wolf zombie (Crypt:1)
  5 electric eels
  A crimson imp (Abyss:3)
  A bullfrog zombie (Crypt:2)
  8 howler monkeys
  3 quasits
  A wolf skeleton (Crypt:1)
  Crazy Yiuf (D:4)
  2 iron imps (Abyss:3)
  A gnoll bouda (D:8)
  31 orc priests
  5 jellies
  A sleepcap (D:5)
  Terence (D:2)
  An iguana (D:6)
  12 orc wizards
  2 shapeshifter simulacra (IceCv)
  5 hell rats (Hell)
  An ice beast zombie (Crypt:1)
  2 naga skeletons
  35 mummies
  6 gnolls
  A swamp drake zombie (Swamp:4)
  An adder (Sewer)
  A river rat (Sewer)
  2 shadow imps (D:7)
  15 white imps
  5 ufetubi
  2 worms
  A dart slug (D:3)
  83 orcs
  10 ball pythons
  8 endoplasms
  2 giant cockroaches (Sewer)
  4 goblins
  3 hobgoblins
  2 quokkas
  A river rat zombie (Crypt:1)
  5 bats
  3 frilled lizards
  17 kobolds
  A quokka skeleton (Crypt:2)
  12 rats
  A spectral orc (D:6)
  2 ball lightnings (D:1)
  5 creeping infernos
  25 fire vortices
  A lurking horror (Abyss:3)
  4 starspawn tentacles (Abyss:3)
4135 creatures vanquished.

Vanquished Creatures (collateral kills)
  Asmodeus (Geh:7)
  Ereshkigal (Tar:7)
  3 pandemonium lords (Pan)
  Gloorx Vloq (Pan)
  Mnoleg (Pan)
  Tiamat (Zot:1)
  Dispater (Dis:7)
  2 orbs of fire (Zot:5)
  3 royal mummies
  A Killer Klown (Zot:5)
  A caustic shrike (Zig:14)
  A golden dragon (Zig:21)
  3 iron giants
  3 Tzitzimimeh
  A doom hound (Zig:20)
  A Brimstone Fiend (Pan)
  2 tentacled monstrosities (Zig:21)
  3 Hell Sentinels
  An Ice Fiend (Pan)
  3 Orb Guardians (Zot:5)
  A deep elf blademaster (Elf:3)
  2 ancient champions
  2 eldritch tentacles (Pan)
  3 sphinxes (Tomb:1)
  A death cob (Zot:5)
  A draconian monk (Zot:5)
  A nagaraja (Zig:7)
  2 revenants (Zig:15)
  2 iron dragons
  3 balrugs (Pan)
  A demonspawn warmonger (Pan)
  A caustic shrike zombie (Tomb:3)
  A curse skull (Crypt:1)
  A demonspawn blood saint (Pan)
  A reaper (Zig:15)
  5 cacodemons (Pan)
  2 stone giants (Zig:14)
  4 war gargoyles
  A draconian stormcaller (Zot:5)
  3 green draconians (Zot:5)
  2 eleionomae
  3 putrid mouths (Zig:20)
  2 demonspawn black suns
  A deep elf annihilator (Elf:3)
  4 yellow draconians
  A purple draconian (Zot:5)
  2 bunyips (Zig:21)
  2 red draconians
  3 white draconians (Zot:1)
  4 crystal guardians (Zig:14)
  3 mummy priests (Tomb:3)
  A blizzard demon (Pan)
  An eidolon (Crypt:1)
  2 iron golems
  A spectral spriggan (Zig:20)
  4 green deaths
  An entropy weaver (Zig:14)
  3 hydras
  A naga warrior (Zig:7)
  A ghost crab (Zig:21)
  A boulder beetle (Zig:14)
  3 death scarabs (Tomb:3)
  A naga sharpshooter (Zig:8)
  A storm dragon zombie (Tomb:2)
  A deep elf knight (Elf:3)
  A crystal echidna (Dis:4)
  A hell knight (Depths:3)
  5 sun demons (Pan)
  2 shadow wraiths (Zig:20)
  A sixfirhy (Pan)
  2 soul eaters (Pan)
  2 skeletal warriors
  A goliath frog (Zig:17)
  A spriggan druid (Zig:21)
  2 death drakes
  3 shadow demons (Pan)
  A wizard (Pan)
  A will-o-the-wisp (Zig:17)
  A stone giant zombie (Hell)
  A moth of wrath (Zot:5)
  A centaur zombie (Tomb:3)
  2 black mambas
  A cane toad (Lair:4)
  5 smoke demons (Pan)
  An orange demon (Pan)
  2 rime drakes (Lair:1)
  An unseen horror (Pan)
  A komodo dragon (Lair:5)
  A freezing wraith (Crypt:1)
  A nameless horror (Pan)
  6 hellions
  3 tormentors
  4 hellwings (Pan)
  A silent spectre (Zig:20)
  10 guardian mummies
  2 hornets (Zig:17)
  A tarantella (Spider:2)
  2 large abominations
  4 flying skulls (Tomb:2)
  A culicivora (Spider:2)
  An air elemental (Zig:6)
  5 ynoxinuls (Pan)
  2 yaks (Lair:4)
  A fire elemental (Zig:6)
  3 chaos spawn (Pan)
  A vampire mosquito (Zig:17)
  2 neqoxecs (Pan)
  A redback (Zig:10)
  2 ogres
  A hound (D:7)
  2 jellies
  An orc priest (Orc:1)
  Jessica (D:2)
  A hell rat (Hell)
  An iguana (D:5)
  A naga skeleton (Volcano)
  13 mummies
  An adder (Sewer)
  3 orcs
  A frilled lizard (D:2)
  A ball lightning (Pan)
  4 fire vortices
245 creatures vanquished.

Vanquished Creatures (others)
  The ghost of Wyzxe the Ruinous, a legendary OpFE of Sif Muna (Zig:18)
  The ghost of Wyzxe the Ruinous, a legendary OpFE of Sif Muna (Zig:18)
  The ghost of Gishoal the Imperceptible, a legendary KoBr of Wu Jian (Zig:18)
  A Killer Klown (Zot:5)
  An electric golem (Zot:5)
  2 tentacled monstrosities
  A Hell Sentinel (Pan)
  2 eldritch tentacles (Pan)
  2 revenants (Zig:18)
  2 shadow dragons
  An azure jelly (Coc:5)
  A demonspawn corrupter (Pan)
  2 balrugs
  A curse skull (Zig:18)
  2 demonspawn blood saints (Pan)
  An ironbound thunderhulk (Vaults:2)
  A minotaur (Gauntlet)
  A red draconian (Zot:5)
  A green death (Pan)
  3 great orbs of eyes
  A great orb of eyes (shapeshifter) (Vaults:5)
  3 yaktaur captains
  An ice dragon (shapeshifter) (Vaults:5)
  A hydra (Lair:4)
  An ice dragon (Depths:4)
  2 ironbound frosthearts
  2 centaur warriors
  A stoker (Geh:7)
  2 death yaks (Lair:3)
  A spriggan (Zig:2)
  A sixfirhy (Pan)
  5 glowing orange brains
  A death drake (Zig:21)
  A spriggan druid (Zig:21)
  A goliath frog (Zig:21)
  A shadow demon (Pan)
  A swamp dragon (shapeshifter) (D:14)
  A wizard (Pan)
  Pikel (D:8)
  A deep elf pyromancer (D:14)
  A deep elf zephyrmancer (Elf:2)
  2 ironbound convokers
  2 ugly things (D:14)
  A will-o-the-wisp (Abyss:3)
  A wolf spider (shapeshifter) (Zig:11)
  2 shining eyes (Pan)
  A moth of wrath (Gauntlet)
  Maurice (D:8)
  An elephant (Lair:5)
  An eye of devastation (Abyss:3)
  An ice statue (IceCv)
  A titan simulacrum (Coc:7)
  A rust devil (D:1)
  2 vault sentinels (Vaults:2)
  An eye of devastation (shapeshifter) (Zig:11)
  A torpor snail (D:9)
  3 smoke demons (Pan)
  A gargoyle (Zig:14)
  A cane toad (Lair:5)
  A rime drake (Lair:4)
  Psyche (D:8)
  An iron giant simulacrum (Coc:6)
  2 tormentors
  A merfolk (D:15)
  A hellwing (Pan)
  A polar bear (Lair:1)
  A tyrant leech (Zig:17)
  2 hornets
  2 blink frogs (Lair:5)
  A blink frog (shapeshifter) (D:14)
  A harpy skeleton (Volcano)
  A culicivora (Spider:2)
  26 slime creatures
  2 vampires
  A large abomination (Abyss:3)
  A water elemental (Elf:3)
  2 ynoxinuls (Pan)
  A steam dragon (shapeshifter) (D:14)
  8 yaks
  11 golden eyes
  A chaos spawn (Zig:11)
  2 neqoxecs (Pan)
  2 steam dragons
  3 vampire mosquitoes (D:10)
  2 redbacks (shapeshifter)
  Menkaure (D:6)
  A swamp worm (shapeshifter) (Zig:11)
  A harpy simulacrum (Coc:2)
  2 swamp worms (Lair:3)
  2 water moccasins
  3 floating eyes (shapeshifter)
  4 orc warriors
  A black bear (Lair:1)
  An ettin simulacrum (Coc:1)
  An ogre (Orc:2)
  A swamp dragon zombie (Swamp:4)
  4 centaurs (D:14)
  A great orb of eyes simulacrum (IceCv)
  A lemure (D:8)
  3 starcursed masses (Abyss:3)
  2 slime creature simulacra (IceCv)
  A phantom (Swamp:4)
  A kobold brigand (D:10)
  A bullfrog (Lair:2)
  A gnoll sergeant (D:8)
  5 scorpions
  3 wights (D:7)
  6 killer bees
  395 jellies
  A hound (D:5)
  An orc priest (D:5)
  2 iguanas
  7 orc wizards
  A spectral swamp drake (Swamp:4)
  2 shapeshifter simulacra (IceCv)
  A hell rat (Hell)
  3 gnolls (D:8)
  2 adders (D:6)
  4 shadow imps
  3 endoplasms (Abyss:3)
  19 orcs
  An endoplasm (shapeshifter) (D:14)
  A ball python (shapeshifter) (D:14)
  A frilled lizard (Sewer)
  A goblin (D:11)
  7 kobolds
  45 ball lightnings
  A creeping inferno (Geh:7)
  242 fire vortices
  54 foxfires
  9 starspawn tentacles (Abyss:3)
1010 creatures vanquished.

Grand Total: 5390 creatures vanquished

Notes
Turn   | Place    | Note
-------+----------+-------------------------------------------
     0 | D:1      | Decritt the Djinni Hedge Wizard began the quest for the
                  | Orb.
     0 | D:1      | Decritt set off with the following spells memorised: Magic
                  | Dart, Slow, Blink, Call Imp, Mephitic Cloud.
     0 | D:1      | Reached XP level 1. HP: 15/15 MP: 0/0
   268 | D:1      | Found a faded altar of an unknown god.
   452 | D:1      | Reached XP level 2. HP: 19/22 MP: 0/0
   568 | D:1      | Reached skill level 1 in Fighting
  1081 | D:2      | Noticed Terence
  1117 | D:2      | Killed Terence
  1118 | D:2      | Reached skill level 1 in Armour
  1118 | D:2      | Reached XP level 3. HP: 19/28 MP: 0/0
  1118 | D:2      | Learned a level 1 spell: Summon Small Mammal
  1119 | D:2      | Noticed Jessica
  1127 | D:2      | Killed Jessica
  1128 | D:2      | Reached XP level 4. HP: 23/33 MP: 0/0
  1290 | D:2      | Found a shadowy altar of Dithmenos.
  1411 | D:2      | Found a runed translucent door.
  1412 | D:2      | Noticed Crazy Yiuf
  2195 | D:3      | Found a glowing drain.
  2211 | Sewer    | Entered a sewer
  2226 | Sewer    | Reached XP level 5. HP: 36/39 MP: 0/0
  2226 | Sewer    | Learned a level 2 spell: Lesser Beckoning
  2604 | Sewer    | Reached XP level 6. HP: 42/46 MP: 0/0
  2619 | Sewer    | Found a viscous altar of Jiyva.
  2636 | Sewer    | Became a worshipper of Jiyva Joanulop the Shapeless
  2912 | D:4      | Reached * piety under Jiyva
  2985 | D:4      | Killed Crazy Yiuf
  3191 | D:4      | Reached ** piety under Jiyva
  3252 | D:4      | Found an ornate altar of the Wu Jian Council.
  3261 | D:4      | Found a snail-covered altar of Cheibriados.
  3264 | D:4      | Found a broken altar of Ashenzari.
  3267 | D:4      | Found an opulent altar of Gozag.
  4062 | D:5      | Entered Level 5 of the Dungeon
  4071 | D:5      | Noticed Sigmund
  4079 | D:5      | Noticed an ogre
  4088 | D:5      | Killed Sigmund
  4089 | D:5      | Reached skill level 1 in Shields
  4089 | D:5      | Reached XP level 7. HP: 52/52 MP: 0/0
  4089 | D:5      | Learned a level 3 spell: Dazzling Flash
  4358 | D:5      | Found a glowing silver altar of Zin.
  4448 | D:5      | Noticed Prince Ribbit
  4676 | D:5      | Reached *** piety under Jiyva
  4731 | D:5      | Identified the +0 ring mail of Ru's Hope {+Inv Will+ rCorr}
  4801 | D:5      | Reached skill level 5 in Fighting
  4801 | D:5      | Reached XP level 8. HP: 51/59 MP: 0/0
  4827 | D:5      | Killed Prince Ribbit
  4921 | D:5      | Found a staircase to the Ecumenical Temple.
  4927 | Temple   | Entered the Ecumenical Temple
  5024 | D:6      | Reached skill level 5 in Spellcasting
  5024 | D:6      | Reached skill level 5 in Conjurations
  5024 | D:6      | Reached skill level 5 in Hexes
  5024 | D:6      | Reached skill level 5 in Summonings
  5024 | D:6      | Reached skill level 5 in Necromancy
  5024 | D:6      | Reached skill level 5 in Translocations
  5024 | D:6      | Reached skill level 5 in Transmutations
  5024 | D:6      | Reached skill level 5 in Fire Magic
  5024 | D:6      | Reached skill level 5 in Ice Magic
  5024 | D:6      | Reached skill level 5 in Air Magic
  5024 | D:6      | Reached skill level 5 in Earth Magic
  5024 | D:6      | Reached skill level 5 in Poison Magic
  5045 | D:6      | Identified 2 scrolls of acquirement
  5045 | D:6      | Acquired a staff of fire
  5046 | D:6      | Acquired a manual of Armour
  5094 | D:6      | Gained mutation: You are robust. (+10% HP) [Jiyva's grace]
  5094 | D:6      | Gained mutation: You are very robust. (+20% HP) [Jiyva's
                  | grace]
  5094 | D:6      | Gained mutation: You are extremely robust. (+30% HP)
                  | [Jiyva's grace]
  5094 | D:6      | Gained mutation: You are partially covered in iridescent
                  | scales. (AC +2) [Jiyva's grace]
  5173 | D:6      | Reached XP level 9. HP: 54/85 MP: 0/0
  5173 | D:6      | Learned a level 3 spell: Summon Guardian Golem
  5205 | D:6      | Noticed Grinder
  5392 | D:6      | Paralysed by Grinder for 5 turns
  5418 | D:6      | Killed Grinder
  5419 | D:6      | Reached skill level 5 in Armour
  5465 | D:6      | Killed Menkaure
  5723 | D:6      | Found a hazy altar of Hepliaklqana.
  5848 | D:6      | Reached **** piety under Jiyva
  5949 | D:7      | Found a runed translucent gate.
  5950 | D:7      | Noticed a kobold demonologist
  5954 | D:7      | Noticed caveywoolpert's ghost (novice DsMo)
  5958 | D:7      | Identified the +3 trident "Xugihite" {heavy, rF+++ rN+
                  | Str-5 SInv}
  6660 | D:7      | Found a blossoming altar of Fedhas.
  6916 | D:7      | Found a runed translucent gate.
  6921 | D:7      | Found a runed translucent gate.
  7091 | D:7      | Reached XP level 10. HP: 97/97 MP: 0/0
  7092 | D:7      | Found a sparkling altar of Nemelex Xobeh.
  7093 | D:7      | Found a white marble altar of Elyvilon.
  7279 | D:8      | Reached ***** piety under Jiyva
  7316 | D:8      | Noticed Pikel
  7326 | D:8      | Reached skill level 5 in Shields
  7346 | D:8      | Killed Pikel
  7599 | D:8      | Killed Psyche
  7614 | D:8      | Noticed Maurice
  7636 | D:8      | Killed Maurice
  8180 | D:8      | Reached XP level 11. HP: 101/106 MP: 0/0
  8180 | D:8      | Learned a level 5 spell: Silence
  8839 | D:9      | Found a staircase to the Lair.
  8917 | D:9      | Lost mutation: You are partially covered in iridescent
                  | scales. (AC +2) [Jiyva's grace]
  8917 | D:9      | Lost mutation: You are extremely robust. (+30% HP) [Jiyva's
                  | grace]
  8917 | D:9      | Gained mutation: You are somewhat resistant to further
                  | mutation. [Jiyva's grace]
  8917 | D:9      | Gained mutation: You are somewhat resistant to both further
                  | mutation and mutation removal. [Jiyva's grace]
  8917 | D:9      | Gained mutation: You are almost entirely resistant to
                  | further mutation and mutation removal. [Jiyva's grace]
  8917 | D:9      | Gained mutation: You are agile. (Dex +4, Str/Int -1)
                  | [Jiyva's grace]
  8920 | D:9      | Found Xuf Mysh's Antique Armour Shoppe.
  8955 | D:9      | Bought a diamond-encrusted scale mail for 225 gold pieces
  8955 | D:9      | Identified the +6 scale mail "Xaurerch" {+Inv rPois Regen+
                  | Slay+5} (You bought it in a shop on level 9 of the Dungeon)
  9531 | D:10     | Entered Level 10 of the Dungeon
  9531 | D:10     | Noticed an obsidian statue
  9531 | D:10     | Noticed Nergalle
  9533 | D:10     | Noticed a spectral orc warlord
  9677 | D:10     | Noticed Amaemon
  9694 | D:10     | Killed Amaemon
  9798 | D:10     | Reached skill level 10 in Armour
 10211 | D:10     | Noticed a soul eater
 10272 | Lair:1   | Entered Level 1 of the Lair of Beasts
 10321 | Lair:1   | Identified the +5 rapier of the Middle {freeze, rPois
                  | Will++ rCorr Dex-3}
 10423 | Lair:1   | Reached XP level 12. HP: 80/108 MP: 0/0
 10655 | Lair:1   | Found a large runed translucent door.
 10656 | Lair:1   | Found a large runed translucent door.
 10821 | Lair:1   | Reached ****** piety under Jiyva
 10908 | Lair:1   | Lost mutation: You are almost entirely resistant to further
                  | mutation and mutation removal. [Jiyva's grace]
 10908 | Lair:1   | Lost mutation: You are very robust. (+20% HP) [Jiyva's
                  | grace]
 10908 | Lair:1   | Gained mutation: Your muscles are strong. (Str +4, Int/Dex
                  | -1) [Jiyva's grace]
 10908 | Lair:1   | Gained mutation: Your muscles are very strong. (Str +8,
                  | Int/Dex -2) [Jiyva's grace]
 10908 | Lair:1   | Gained mutation: Armour fits poorly on your pseudopods.
                  | [Jiyva's grace]
 10908 | Lair:1   | Gained mutation: Armour fits poorly on your large
                  | pseudopods. [Jiyva's grace]
 11017 | Lair:1   | Noticed andwaal's ghost (journeyman HOFi)
 11086 | Lair:1   | Found the +4 skin of Zhor {*Englaciate rC+++ SInv}
 11284 | Lair:1   | Killed andwaal's ghost
 11285 | Lair:1   | Reached skill level 10 in Fighting
 11427 | Lair:2   | Found a gate leading to a gauntlet.
 11436 | Gauntlet | Entered a Gauntlet
 11436 | Gauntlet | Found a transporter.
 11436 | Gauntlet | Found a transporter.
 11436 | Gauntlet | Found a runed translucent gate.
 11436 | Gauntlet | Found a runed translucent gate.
 11436 | Gauntlet | Found a runed translucent gate.
 11476 | Gauntlet | Found a transporter.
 11480 | Gauntlet | Found a transporter.
 11488 | Gauntlet | Found a transporter.
 11488 | Gauntlet | Found the +2 ratskin cloak {*Rats rPois rN+ Str-1 Int-1
                  | Dex+1}
 11492 | Gauntlet | Found a transporter.
 11503 | Gauntlet | Noticed a blizzard demon
 11505 | Gauntlet | Found a transporter.
 11553 | Gauntlet | Found a transporter.
 11557 | Gauntlet | Found a transporter.
 11591 | Gauntlet | Noticed a soul eater
 11592 | Gauntlet | Found a transporter.
 11596 | Gauntlet | Found a transporter.
 11612 | Gauntlet | Found a transporter.
 11954 | Gauntlet | Identified the ring of the Will of the Gods {Int+4 Dex+6
                  | Slay+3}
 11967 | Gauntlet | Found the +3 pair of mountain boots {steadfast, rC+}
 11967 | Gauntlet | Noticed a minotaur
 11981 | Gauntlet | Killed a minotaur
 12170 | Lair:2   | Reached skill level 10 in Spellcasting
 12170 | Lair:2   | Reached skill level 10 in Conjurations
 12170 | Lair:2   | Reached skill level 10 in Hexes
 12170 | Lair:2   | Reached skill level 10 in Summonings
 12170 | Lair:2   | Reached skill level 10 in Necromancy
 12170 | Lair:2   | Reached skill level 10 in Translocations
 12170 | Lair:2   | Reached skill level 10 in Transmutations
 12170 | Lair:2   | Reached skill level 10 in Fire Magic
 12170 | Lair:2   | Reached skill level 10 in Ice Magic
 12170 | Lair:2   | Reached skill level 10 in Air Magic
 12170 | Lair:2   | Reached skill level 10 in Earth Magic
 12170 | Lair:2   | Reached skill level 10 in Poison Magic
 12210 | Lair:2   | Reached XP level 13. HP: 105/105 MP: 0/0
 12210 | Lair:2   | Learned a level 5 spell: Lee's Rapid Deconstruction
 12585 | Lair:2   | You are sucked into a shaft and drop 1 floor!
 13285 | Lair:2   | Lost mutation: You are agile. (Dex +4, Str/Int -1) [Jiyva's
                  | grace]
 13285 | Lair:2   | Lost mutation: You are somewhat resistant to both further
                  | mutation and mutation removal. [Jiyva's grace]
 13285 | Lair:2   | Gained mutation: You are covered in fur. (AC +1) [Jiyva's
                  | grace]
 13285 | Lair:2   | Gained mutation: You are covered in thick fur. (AC +2)
                  | [Jiyva's grace]
 13285 | Lair:2   | Gained mutation: Your thick and shaggy fur keeps you warm.
                  | (AC +3, rC+) [Jiyva's grace]
 13285 | Lair:2   | Gained mutation: Your rubbery body absorbs attacks. (AC +1,
                  | EV +1) [Jiyva's grace]
 13532 | Lair:2   | Found a hole to the Spider Nest.
 14093 | Lair:3   | Found a staircase to the Swamp.
 14158 | Lair:3   | Reached XP level 14. HP: 115/115 MP: 0/0
 14390 | D:9      | Bought a shiny helmet for 187 gold pieces
 15290 | Lair:5   | Entered Level 5 of the Lair of Beasts
 15463 | Lair:4   | Reached skill level 5 in Dodging
 15680 | Lair:5   | Found a dark tunnel.
 15685 | Volcano  | Entered a volcano
 16292 | Lair:5   | Reached XP level 15. HP: 95/124 MP: 0/0
 16292 | Lair:5   | Learned a level 6 spell: Plasma Beam
 16316 | Lair:5   | Found a runed translucent door.
 16316 | Lair:5   | Found a staircase to the Slime Pits.
 16316 | Lair:5   | Noticed an azure jelly
 16316 | Lair:5   | Noticed an azure jelly
 16878 | Lair:5   | Identified the +3 battleaxe of the Stopping Gods {freeze,
                  | rF- Int+8}
 17379 | D:10     | Lost mutation: Your thick and shaggy fur keeps you warm.
                  | (AC +3, rC+) [Jiyva's grace]
 17379 | D:10     | Gained mutation: You have a somewhat thin skeletal
                  | structure. (Dex +2, Stealth+) [Jiyva's grace]
 17379 | D:10     | Gained mutation: You have a moderately thin skeletal
                  | structure. (Dex +4, Stealth++) [Jiyva's grace]
 17379 | D:10     | Gained mutation: You have an unnaturally thin skeletal
                  | structure. (Dex +6, Stealth+++) [Jiyva's grace]
 17379 | D:10     | Gained mutation: Armour fits poorly on your massive
                  | pseudopods. [Jiyva's grace]
 17554 | D:10     | Killed Nergalle
 18281 | D:11     | Found a staircase to the Orcish Mines.
 18714 | D:11     | Identified the ring "Humi" {*Slow Fly rElec rF+++ Stlth+}
 18767 | D:11     | Upgraded the game from 0.31-a0-222-gefeffbb62a to
                  | 0.31-a0-227-ga22c3bf811
 18929 | D:12     | Found Xismuor's Antique Armour Boutique.
 19246 | D:13     | Noticed an ironbound preserver
 19385 | D:13     | Found Eloabapt's Distillery.
 19391 | D:13     | Found Gifud's Antique Weapon Shoppe.
 19393 | D:13     | Bought 2 potions of cancellation for 256 gold pieces
 19393 | D:13     | Bought a potion of heal wounds for 80 gold pieces
 19395 | D:13     | Killed an ironbound preserver
 19429 | D:13     | Lost mutation: You are somewhat resistant to further
                  | mutation. [Jiyva's grace]
 19429 | D:13     | Lost mutation: Your rubbery body absorbs attacks. (AC +1,
                  | EV +1) [Jiyva's grace]
 19429 | D:13     | Lost mutation: Armour fits poorly on your massive
                  | pseudopods. [Jiyva's grace]
 19429 | D:13     | Gained mutation: You are somewhat resistant to further
                  | mutation. [Jiyva's grace]
 19429 | D:13     | Gained mutation: You are somewhat resistant to both further
                  | mutation and mutation removal. [Jiyva's grace]
 19429 | D:13     | Gained mutation: You are almost entirely resistant to
                  | further mutation and mutation removal. [Jiyva's grace]
 19429 | D:13     | Gained mutation: Your melee attacks may engulf your foes in
                  | ooze. [Jiyva's grace]
 19439 | D:13     | Identified the +5 morningstar "Obyapew" {freeze, rElec
                  | Dex+3}
 19464 | D:13     | Found Baneuniz's Jewellery Boutique.
 19705 | D:13     | Found a frozen archway.
 19716 | IceCv    | Entered an ice cave
 19737 | IceCv    | Noticed a quicksilver ooze
 19746 | IceCv    | Reached skill level 10 in Shields
 19746 | IceCv    | Reached XP level 16. HP: 130/133 MP: 0/0
 19773 | IceCv    | Noticed an azure jelly
 19782 | IceCv    | Found a viscous altar of Jiyva.
 19797 | IceCv    | Got the +1 mace "Qotzo" {freeze, rC+ Str+3}
 19979 | D:13     | Found a gate to the Vaults.
 20041 | D:14     | Reached skill level 15 in Armour
 20041 | D:14     | Noticed Lodul
 20044 | D:14     | Killed Lodul
 20130 | D:14     | Noticed Roxanne
 20151 | D:14     | Killed Roxanne
 20194 | D:14     | Found a runed translucent gate.
 20194 | D:14     | Found a runed translucent gate.
 20196 | D:14     | Found a runed translucent gate.
 20247 | D:14     | Found Rimuvij's Antique Armour Shoppe.
 20652 | D:14     | Found a white marble altar of Elyvilon.
 20865 | D:14     | Found a runed translucent gate.
 20865 | D:14     | Found a runed translucent gate.
 20871 | D:14     | Found a runed translucent gate.
 20871 | D:14     | Noticed Xawanas's ghost (journeyman DgDe)
 20879 | D:14     | Killed Xawanas's ghost
 20907 | D:14     | Gained mutation: You are clumsy. (Dex -2) [mutagenic glow]
 20915 | D:14     | Gained mutation: You sometimes lose your temper in combat.
                  | [mutagenic glow]
 20948 | D:15     | Entered Level 15 of the Dungeon
 21084 | D:15     | Found a staircase to the Depths.
 21125 | D:15     | Acquired 1195 gold pieces
 21203 | D:15     | Lost mutation: You are almost entirely resistant to further
                  | mutation and mutation removal. [Jiyva's grace]
 21203 | D:15     | Lost mutation: Armour fits poorly on your large pseudopods.
                  | [Jiyva's grace]
 21203 | D:15     | Lost mutation: Your melee attacks may engulf your foes in
                  | ooze. [Jiyva's grace]
 21203 | D:15     | Gained mutation: Your translucent skin slightly reduces
                  | your foes' accuracy. (Stealth+) [Jiyva's grace]
 21203 | D:15     | Gained mutation: Your translucent skin reduces your foes'
                  | accuracy. (Stealth+) [Jiyva's grace]
 21203 | D:15     | Gained mutation: Your transparent skin significantly
                  | reduces your foes' accuracy. (Stealth+) [Jiyva's grace]
 21203 | D:15     | Gained mutation: You are very robust. (+20% HP) [Jiyva's
                  | grace]
 21641 | Orc:1    | Entered Level 1 of the Orcish Mines
 21657 | Orc:1    | Noticed Josephine
 21675 | Orc:1    | Killed Josephine
 21990 | Orc:2    | Entered Level 2 of the Orcish Mines
 21993 | Orc:2    | Noticed Jorgrun
 22006 | Orc:1    | Killed Jorgrun
 22452 | Orc:2    | Found Eniel's Magic Scroll Shoppe.
 22455 | Orc:2    | Found Kafeorub's Assorted Antiques.
 22456 | Orc:2    | Found Kaontug's Armour Shoppe.
 22457 | Orc:2    | Found Etifri Arphue's Jewellery Shoppe.
 22461 | Orc:2    | Bought a bubbling yellow potion for 18 gold pieces
 22464 | Orc:2    | Bought 2 scrolls of identify for 72 gold pieces
 22464 | Orc:2    | Bought a scroll of fog for 72 gold pieces
 22466 | Orc:2    | Bought a scroll of identify for 36 gold pieces
 22600 | Orc:2    | Found Igueboaq's Jewellery Shoppe.
 22616 | Orc:2    | Reached skill level 10 in Dodging
 22764 | Orc:2    | Found a staircase to the Elven Halls.
 22961 | Orc:1    | Noticed Harold
 22970 | Orc:1    | Killed Harold
 22971 | Orc:1    | Reached XP level 17. HP: 117/154 MP: 0/0
 22971 | Orc:1    | Learned a level 6 spell: Starburst
 23183 | Spider:1 | Entered Level 1 of the Spider Nest
 23291 | Spider:1 | Noticed Louise
 23297 | Spider:1 | Killed Louise
 23468 | Spider:1 | Lost mutation: You have an unnaturally thin skeletal
                  | structure. (Dex +6, Stealth+++) [Jiyva's grace]
 23468 | Spider:1 | Lost mutation: You have a moderately thin skeletal
                  | structure. (Dex +4, Stealth++) [Jiyva's grace]
 23468 | Spider:1 | Lost mutation: You are covered in thick fur. (AC +2)
                  | [Jiyva's grace]
 23468 | Spider:1 | Lost mutation: Armour fits poorly on your pseudopods.
                  | [Jiyva's grace]
 23468 | Spider:1 | Gained mutation: Your natural rate of healing is unusually
                  | fast. [Jiyva's grace]
 23468 | Spider:1 | Gained mutation: You heal very quickly. [Jiyva's grace]
 23468 | Spider:1 | Gained mutation: You regenerate. [Jiyva's grace]
 23468 | Spider:1 | Gained mutation: You have a pair of small antennae on your
                  | head. [Jiyva's grace]
 23797 | Spider:2 | Reached skill level 15 in Spellcasting
 23797 | Spider:2 | Reached skill level 15 in Conjurations
 23797 | Spider:2 | Reached skill level 15 in Hexes
 23797 | Spider:2 | Reached skill level 15 in Summonings
 23797 | Spider:2 | Reached skill level 15 in Necromancy
 23797 | Spider:2 | Reached skill level 15 in Translocations
 23797 | Spider:2 | Reached skill level 15 in Transmutations
 23797 | Spider:2 | Reached skill level 15 in Fire Magic
 23797 | Spider:2 | Reached skill level 15 in Ice Magic
 23797 | Spider:2 | Reached skill level 15 in Air Magic
 23797 | Spider:2 | Reached skill level 15 in Earth Magic
 23797 | Spider:2 | Reached skill level 15 in Poison Magic
 23949 | Spider:2 | Noticed Arachne
 23992 | Spider:1 | Killed Arachne
 24533 | Spider:3 | Reached XP level 18. HP: 144/164 MP: 0/0
 24864 | Spider:4 | Entered Level 4 of the Spider Nest
 24893 | Spider:4 | Reached skill level 15 in Fighting
 24985 | Spider:4 | Lost mutation: You sometimes lose your temper in combat.
                  | [Jiyva's grace]
 24985 | Spider:4 | Lost mutation: You are clumsy. (Dex -2) [Jiyva's grace]
 24985 | Spider:4 | Lost mutation: You are somewhat resistant to both further
                  | mutation and mutation removal. [Jiyva's grace]
 24985 | Spider:4 | Lost mutation: You regenerate. [Jiyva's grace]
 24985 | Spider:4 | Lost mutation: You heal very quickly. [Jiyva's grace]
 24985 | Spider:4 | Lost mutation: Your muscles are very strong. (Str +8,
                  | Int/Dex -2) [Jiyva's grace]
 24985 | Spider:4 | Lost mutation: Your transparent skin significantly reduces
                  | your foes' accuracy. (Stealth+) [Jiyva's grace]
 24985 | Spider:4 | Gained mutation: You are agile. (Dex +4, Str/Int -1)
                  | [Jiyva's grace]
 24985 | Spider:4 | Gained mutation: You are very agile. (Dex +8, Str/Int -2)
                  | [Jiyva's grace]
 24985 | Spider:4 | Gained mutation: You are partially covered in iridescent
                  | scales. (AC +2) [Jiyva's grace]
 24985 | Spider:4 | Gained mutation: You are mostly covered in iridescent
                  | scales. (AC +4) [Jiyva's grace]
 25365 | Spider:4 | Got a gossamer rune of Zot
 25701 | Depths:1 | Entered Level 1 of the Depths
 25920 | Swamp:1  | Entered Level 1 of the Swamp
 26501 | Swamp:2  | Reached XP level 19. HP: 90/172 MP: 0/0
 26501 | Swamp:2  | Learned a level 6 spell: Leda's Unmaking
 26614 | Swamp:2  | Identified the +7 whip "Nuroriof" {venom, rPois rN++ Dex-4
                  | Stlth+}
 26772 | Swamp:2  | Noticed Aizul
 26774 | Swamp:2  | Noticed Mlioglotl
 26782 | Swamp:2  | Killed Mlioglotl
 26784 | Swamp:2  | Killed Aizul
 27224 | Swamp:3  | Found a transporter.
 27224 | Swamp:3  | Noticed MrAu's ghost (adept DrGl)
 27232 | Swamp:3  | Lost mutation: You are mostly covered in iridescent scales.
                  | (AC +4) [Jiyva's grace]
 27232 | Swamp:3  | Lost mutation: You are partially covered in iridescent
                  | scales. (AC +2) [Jiyva's grace]
 27232 | Swamp:3  | Lost mutation: You are very robust. (+20% HP) [Jiyva's
                  | grace]
 27232 | Swamp:3  | Lost mutation: Your translucent skin reduces your foes'
                  | accuracy. (Stealth+) [Jiyva's grace]
 27232 | Swamp:3  | Gained mutation: You have acidic saliva. [Jiyva's grace]
 27232 | Swamp:3  | Gained mutation: You have a small jelly attached to you
                  | that may absorb projectiles. [Jiyva's grace]
 27232 | Swamp:3  | Gained mutation: Your translucent skin reduces your foes'
                  | accuracy. (Stealth+) [Jiyva's grace]
 27232 | Swamp:3  | Gained mutation: Your transparent skin significantly
                  | reduces your foes' accuracy. (Stealth+) [Jiyva's grace]
 27244 | Swamp:3  | Found a transporter.
 27781 | Swamp:3  | Killed MrAu's ghost
 27799 | Swamp:3  | Identified the ring "Huzuck" {rPois rF- rC++ Str+3 SInv}
 27838 | Swamp:4  | Entered Level 4 of the Swamp
 28272 | Swamp:4  | Noticed a bone dragon
 28282 | Swamp:4  | Killed a bone dragon
 28320 | Swamp:4  | Got a decaying rune of Zot
 28729 | Elf:1    | Entered Level 1 of the Elven Halls
 28793 | Elf:1    | Reached XP level 20. HP: 166/168 MP: 0/0
 28948 | Elf:1    | Lost mutation: You have a somewhat thin skeletal structure.
                  | (Dex +2, Stealth+) [Jiyva's grace]
 28948 | Elf:1    | Lost mutation: You have acidic saliva. [Jiyva's grace]
 28948 | Elf:1    | Lost mutation: Your transparent skin significantly reduces
                  | your foes' accuracy. (Stealth+) [Jiyva's grace]
 28948 | Elf:1    | Gained mutation: You have acidic saliva. [Jiyva's grace]
 28948 | Elf:1    | Gained mutation: Your rubbery body absorbs attacks. (AC +1,
                  | EV +1) [Jiyva's grace]
 28948 | Elf:1    | Gained mutation: Your pliable body absorbs attacks. (AC +2,
                  | EV +2) [Jiyva's grace]
 28948 | Elf:1    | Gained mutation: Your gelatinous body deflects attacks. (AC
                  | +3, EV +3) [Jiyva's grace]
 29023 | Elf:1    | Paralysed by an air elemental for 1 turns
 29334 | Elf:1    | Found a runed translucent gate.
 29334 | Elf:1    | Found a runed translucent gate.
 29334 | Elf:1    | Found a runed translucent gate.
 29336 | Elf:1    | Identified the +0 leather armour "Seukus" {Fly}
 29366 | Elf:1    | Noticed nakedcarnage's ghost (adept OpCK)
 29504 | Elf:1    | Found an iron altar of Okawaru.
 29527 | Elf:1    | Killed nakedcarnage's ghost
 29733 | Elf:2    | Paralysed by an air elemental for 1 turns
 29976 | Elf:2    | Found a runed translucent gate.
 29977 | Elf:2    | Found a runed translucent gate.
 29977 | Elf:2    | Found a runed translucent gate.
 30023 | Elf:2    | Identified the +4 ring mail "Reczumm" {rElec rN++ Int-2}
 30266 | Elf:2    | Reached XP level 21. HP: 123/176 MP: 0/0
 30266 | Elf:2    | Learned a level 8 spell: Borgnjor's Revivification
 30644 | Elf:3    | Entered Level 3 of the Elven Halls
 30644 | Elf:3    | Lost mutation: You are very agile. (Dex +8, Str/Int -2)
                  | [Jiyva's grace]
 30644 | Elf:3    | Lost mutation: Your gelatinous body deflects attacks. (AC
                  | +3, EV +3) [Jiyva's grace]
 30644 | Elf:3    | Lost mutation: Your translucent skin reduces your foes'
                  | accuracy. (Stealth+) [Jiyva's grace]
 30644 | Elf:3    | Gained mutation: You are covered in slimy tendrils that may
                  | disarm your opponents. [Jiyva's grace]
 30644 | Elf:3    | Gained mutation: You have a small jelly attached to you
                  | that senses nearby items. [Jiyva's grace]
 30644 | Elf:3    | Gained mutation: Armour fits poorly on your pseudopods.
                  | [Jiyva's grace]
 30644 | Elf:3    | Gained mutation: Armour fits poorly on your large
                  | pseudopods. [Jiyva's grace]
 30660 | Elf:3    | Found Jimaku's Neck Hole.
 30668 | Elf:3    | Bought a +2 cloak of willpower for 387 gold pieces
 30726 | Elf:3    | Reached skill level 15 in Shields
 30726 | Elf:3    | Noticed Mara
 30741 | Elf:3    | Killed Mara
 30902 | Elf:3    | Identified the +8 glaive of World's End {holy, rElec rPois
                  | Int-2}
 30923 | Elf:3    | Identified the +8 short sword of Tension {elec, Drain rC+++
                  | rN+++ Int-3}
 30951 | Elf:3    | Found the necklace of Bloodlust {Fury *Rage Will++ Int-3
                  | Slay+6}
 30958 | Elf:3    | Identified the ring of Geufylec {Wiz +Blink}
 31006 | Elf:3    | Identified the +7 war axe of Incongruity {protect, rElec
                  | rN+ rCorr Stlth-}
 31094 | Elf:3    | Identified the +0 spear "Weto" {flame, rPois Str-3 Int+6
                  | SInv}
 31150 | Elf:3    | Found Eklexov's Magic Scroll Boutique.
 31164 | Elf:3    | Found Popixujo's Weapon Shop.
 31166 | Elf:3    | Found Jyriecs's Antique Weapon Boutique.
 31192 | Elf:3    | Bought a scroll of blinking for 120 gold pieces
 31192 | Elf:3    | Bought a scroll of fog for 64 gold pieces
 31196 | Elf:3    | Bought a crystal falchion for 208 gold pieces
 31196 | Elf:3    | Identified the +4 falchion "Paipt" {freeze, Drain Int+3
                  | SInv} (You bought it in a shop on level 3 of the Elven
                  | Halls)
 31866 | D:15     | Reached XP level 22. HP: 185/185 MP: 0/0
 31977 | D:9      | Bought the +3 hat of Pondering {ponderous, Will+ MP+10
                  | Int+5} for 952 gold pieces
 31977 | D:9      | Found the +3 hat of Pondering {ponderous, Will+ MP+10
                  | Int+5}
 31977 | D:9      | Bought a glowing orb for 300 gold pieces
 32916 | Depths:1 | Found a gateway to Hell.
 33229 | Depths:1 | Reached XP level 23. HP: 181/193 MP: 0/0
 33229 | Depths:1 | Learned a level 8 spell: Infestation
 33659 | Depths:2 | Identified the +5 dagger of Psychosis {pain, Fly rElec
                  | Int-4 Dex-2}
 33781 | Depths:2 | Lost mutation: You have a pair of small antennae on your
                  | head. [Jiyva's grace]
 33781 | Depths:2 | Lost mutation: Your pliable body absorbs attacks. (AC +2,
                  | EV +2) [Jiyva's grace]
 33781 | Depths:2 | Lost mutation: You are covered in slimy tendrils that may
                  | disarm your opponents. [Jiyva's grace]
 33781 | Depths:2 | Gained mutation: Your spells are a little harder to cast,
                  | but a little more powerful. [Jiyva's grace]
 33781 | Depths:2 | Gained mutation: Your spells are harder to cast, but more
                  | powerful. [Jiyva's grace]
 33781 | Depths:2 | Gained mutation: Your spells are much harder to cast, but
                  | much more powerful. [Jiyva's grace]
 33781 | Depths:2 | Gained mutation: You have a pair of small horns on your
                  | head. [Jiyva's grace]
 33783 | Depths:2 | Identified the +2 scimitar of Olaf {vamp, Fragile rPois
                  | Str+6 SInv}
 33784 | Depths:2 | Identified the +3 plate armour of Inevitability {Dex+2}
 34166 | Depths:2 | Found a one-way gate leading to the halls of Pandemonium.
 34240 | Depths:2 | Found a one-way gateway to a ziggurat.
 34256 | Depths:2 | Found a glowing golden altar of the Shining One.
 34258 | Depths:2 | Found a white marble altar of Elyvilon.
 34261 | Depths:2 | Found a glowing silver altar of Zin.
 34770 | Depths:3 | Noticed a caustic shrike
 34773 | Depths:3 | Killed a caustic shrike
 34773 | Depths:3 | Noticed a caustic shrike
 34774 | Depths:3 | Noticed a caustic shrike
 34777 | Depths:3 | Killed a caustic shrike
 34782 | Depths:3 | Killed a caustic shrike
 35064 | Depths:3 | Found a one-way gate to the infinite horrors of the Abyss.
 35418 | Depths:4 | Entered Level 4 of the Depths
 35423 | Depths:4 | Reached XP level 24. HP: 196/202 MP: 0/0
 35429 | Depths:4 | Found a hide-covered altar of Uskayaw.
 35429 | Depths:4 | Noticed a juggernaut
 35433 | Depths:4 | Killed a juggernaut
 35493 | Depths:4 | Noticed a juggernaut
 35500 | Depths:4 | Killed a juggernaut
 35611 | Depths:4 | Lost mutation: You are somewhat resistant to further
                  | mutation. [Jiyva's grace]
 35611 | Depths:4 | Lost mutation: Your spells are much harder to cast, but
                  | much more powerful. [Jiyva's grace]
 35611 | Depths:4 | Lost mutation: You have acidic saliva. [Jiyva's grace]
 35611 | Depths:4 | Lost mutation: You have a small jelly attached to you that
                  | may absorb projectiles. [Jiyva's grace]
 35611 | Depths:4 | Gained mutation: Your movements are slightly less
                  | encumbered by armour. (ER -2) [Jiyva's grace]
 35611 | Depths:4 | Gained mutation: Your movements are less encumbered by
                  | armour. (ER -4) [Jiyva's grace]
 35611 | Depths:4 | Gained mutation: Your movements are significantly less
                  | encumbered by armour. (ER -6) [Jiyva's grace]
 35611 | Depths:4 | Gained mutation: You expend health (3 HP) to strengthen
                  | your wands. [Jiyva's grace]
 35747 | Depths:4 | Found Kessyrua's Assorted Antiques.
 35747 | Depths:4 | Found Selennis's General Store.
 35748 | Depths:4 | Found Idwir's Armour Boutique.
 35752 | Depths:4 | Bought the +0 mask of the Dragon {Will+ Slay+3 SInv} for
                  | 734 gold pieces
 35752 | Depths:4 | Found the +0 mask of the Dragon {Will+ Slay+3 SInv}
 35754 | Depths:4 | Found Dedunn's Assorted Antiques.
 35757 | Depths:4 | Bought a scroll of teleportation for 48 gold pieces
 35763 | Depths:4 | Bought a fine scale mail for 288 gold pieces
 35763 | Depths:4 | Identified the +0 scale mail of Ignis's Fury {Str+4} (You
                  | bought it in a shop on level 4 of the Depths)
 35870 | Depths:4 | Identified the +6 lajatang of Precise Incision {spect, rF-
                  | Str+7}
 35925 | Depths:4 | Found a gate to the Realm of Zot.
 36911 | Slime:1  | Entered Level 1 of the Pits of Slime
 37307 | Slime:2  | Found a viscous altar of Jiyva.
 37488 | Slime:3  | Noticed Dissolution
 37840 | Slime:5  | Entered Level 5 of the Pits of Slime
 37886 | Slime:5  | Noticed the Royal Jelly
 38112 | Slime:5  | Found the +5 scythe "Finisher" {speed, execute}
 38122 | Slime:5  | Identified the +0 chain mail of Chimes {Str+4}
 38123 | Slime:5  | Identified the +1 scimitar of Abuse {vamp, rF++ Will- Str-5
                  | Int+2}
 38134 | Slime:5  | Got a slimy rune of Zot
 38136 | Slime:5  | Found a viscous altar of Jiyva.
 38142 | Slime:5  | Identified the +9 morningstar "Zunkauko" {freeze, rCorr
                  | Str+3 Stlth-}
 38164 | Slime:5  | Identified the orb "Ahauwkuha" {guile, rN+}
 38173 | Slime:5  | Identified the +6 rapier of Dithmenos's Whim {chaos, rPois
                  | rCorr Int+4}
 38184 | Slime:5  | Identified the ring "Zieletz" {Dex+2 SInv}
 38191 | Slime:5  | Identified the +5 shortbow of Ewohiul {antimagic, rElec rF-
                  | Str+5}
 38192 | Slime:5  | Identified the amulet "Teebaggu" {Acrobat rPois Int+3}
 38630 | Vaults:1 | Entered Level 1 of the Vaults
 38987 | Vaults:1 | Reached skill level 15 in Dodging
 39683 | Vaults:2 | Lost mutation: Your rubbery body absorbs attacks. (AC +1,
                  | EV +1) [Jiyva's grace]
 39683 | Vaults:2 | Lost mutation: Armour fits poorly on your large pseudopods.
                  | [Jiyva's grace]
 39683 | Vaults:2 | Lost mutation: You expend health (3 HP) to strengthen your
                  | wands. [Jiyva's grace]
 39683 | Vaults:2 | Lost mutation: Your movements are significantly less
                  | encumbered by armour. (ER -6) [Jiyva's grace]
 39683 | Vaults:2 | Gained mutation: Your rubbery body absorbs attacks. (AC +1,
                  | EV +1) [Jiyva's grace]
 39683 | Vaults:2 | Gained mutation: Your pliable body absorbs attacks. (AC +2,
                  | EV +2) [Jiyva's grace]
 39683 | Vaults:2 | Gained mutation: Your gelatinous body deflects attacks. (AC
                  | +3, EV +3) [Jiyva's grace]
 39683 | Vaults:2 | Gained mutation: You have a pair of horns on your head.
                  | [Jiyva's grace]
 39792 | Vaults:2 | Found Cixaubb's Book Emporium.
 40475 | Vaults:3 | Found Ymot Lao's Distillery.
 40492 | Vaults:3 | Bought a potion of haste for 170 gold pieces
 40492 | Vaults:3 | Bought a potion of heal wounds for 85 gold pieces
 40492 | Vaults:3 | Bought a potion of heal wounds for 85 gold pieces
 40492 | Vaults:3 | Bought a potion of mutation for 136 gold pieces
 40564 | Vaults:3 | Reached XP level 25. HP: 206/212 MP: 0/0
 40564 | Vaults:3 | Learned a level 9 spell: Fire Storm
 40764 | Vaults:3 | Found a staircase to the Crypt.
 40960 | Vaults:3 | Lost mutation: You are agile. (Dex +4, Str/Int -1) [Jiyva's
                  | grace]
 40960 | Vaults:3 | Lost mutation: Your gelatinous body deflects attacks. (AC
                  | +3, EV +3) [Jiyva's grace]
 40960 | Vaults:3 | Lost mutation: Armour fits poorly on your pseudopods.
                  | [Jiyva's grace]
 40960 | Vaults:3 | Lost mutation: Your translucent skin slightly reduces your
                  | foes' accuracy. (Stealth+) [Jiyva's grace]
 40960 | Vaults:3 | Lost mutation: Your movements are less encumbered by
                  | armour. (ER -4) [Jiyva's grace]
 40960 | Vaults:3 | Gained mutation: Your muscles are very strong. (Str +8,
                  | Int/Dex -2) [Jiyva's grace]
 40960 | Vaults:3 | Gained mutation: You are partially covered in large bone
                  | plates. (SH +4) [Jiyva's grace]
 40960 | Vaults:3 | Gained mutation: You are mostly covered in large bone
                  | plates. (SH +6) [Jiyva's grace]
 40960 | Vaults:3 | Gained mutation: You are completely covered in large bone
                  | plates. (SH +8) [Jiyva's grace]
 41796 | Vaults:4 | Found Learyg's Jewellery Boutique.
 42340 | Vaults:5 | Entered Level 5 of the Vaults
 42420 | Vaults:5 | Reached XP level 26. HP: 208/222 MP: 0/0
 42666 | Vaults:5 | Identified the ring of Discord {rN+ Will+ Dex+4 Stlth-}
 42925 | Vaults:5 | Identified the amulet of Moderation {Spirit Str+4}
 42947 | Vaults:5 | Identified the +4 falchion of the Building King {distort,
                  | rF++ Str-3 Int-4 Dex+8}
 42956 | Vaults:5 | Identified the +11 falchion of Iqipest {heavy, *Noise rN+
                  | Will+ Stlth+}
 42985 | Vaults:5 | Identified the amulet of Kylis {Spirit rPois Will- Regen+
                  | Str+6}
 43006 | Vaults:5 | Identified the +6 falchion "Newtslayer" {heavy, *Noise Fly
                  | rN+++ Str+3}
 43164 | Vaults:5 | Lost mutation: You are completely covered in large bone
                  | plates. (SH +8) [Jiyva's grace]
 43164 | Vaults:5 | Lost mutation: You are mostly covered in large bone plates.
                  | (SH +6) [Jiyva's grace]
 43164 | Vaults:5 | Lost mutation: Your pliable body absorbs attacks. (AC +2,
                  | EV +2) [Jiyva's grace]
 43164 | Vaults:5 | Gained mutation: Your melee attacks may engulf your foes in
                  | ooze. [Jiyva's grace]
 43164 | Vaults:5 | Gained mutation: Armour fits poorly on your pseudopods.
                  | [Jiyva's grace]
 43164 | Vaults:5 | Gained mutation: Armour fits poorly on your large
                  | pseudopods. [Jiyva's grace]
 43164 | Vaults:5 | Gained mutation: Armour fits poorly on your massive
                  | pseudopods. [Jiyva's grace]
 43513 | Vaults:5 | Found the +5 Storm Queen's Shield {shock, Fly rElec}
 43565 | Vaults:5 | Noticed an ancient lich
 43572 | Vaults:5 | Killed an ancient lich
 43749 | Vaults:5 | Got a silver rune of Zot
 44326 | Crypt:1  | Entered Level 1 of the Crypt
 44512 | Crypt:1  | Reached XP level 27. HP: 216/232 MP: 0/0
 44512 | Crypt:1  | Learned a level 9 spell: Dragon's Call
 44606 | Crypt:1  | Found a huge runed gate.
 44606 | Crypt:1  | Found a huge runed gate.
 44606 | Crypt:1  | Found a huge runed gate.
 44607 | Crypt:1  | Found a huge runed gate.
 44607 | Crypt:1  | Found a huge runed gate.
 44607 | Crypt:1  | Found a huge runed gate.
 44607 | Crypt:1  | Found a huge runed gate.
 44609 | Crypt:1  | Found a huge runed gate.
 44609 | Crypt:1  | Found a huge runed gate.
 44609 | Crypt:1  | Found a huge runed gate.
 44610 | Crypt:1  | Found a huge runed gate.
 44611 | Crypt:1  | Found a huge runed gate.
 44612 | Crypt:1  | Found a huge runed gate.
 44613 | Crypt:1  | Found a huge runed gate.
 44614 | Crypt:1  | Found a huge runed gate.
 44627 | Crypt:1  | Found a huge runed gate.
 44627 | Crypt:1  | Found a huge runed gate.
 44627 | Crypt:1  | Found a huge runed gate.
 44627 | Crypt:1  | Found a huge runed gate.
 44627 | Crypt:1  | Found a huge runed gate.
 44627 | Crypt:1  | Found a huge runed gate.
 44628 | Crypt:1  | Found a huge runed gate.
 44965 | Crypt:1  | Found a huge runed gate.
 44965 | Crypt:1  | Found a huge runed gate.
 44968 | Crypt:1  | Found a huge runed gate.
 44969 | Crypt:1  | Found a huge runed gate.
 44972 | Crypt:1  | Found a huge runed gate.
 44972 | Crypt:1  | Found a huge runed gate.
 44972 | Crypt:1  | Found a huge runed gate.
 44972 | Crypt:1  | Found a huge runed gate.
 44972 | Crypt:1  | Found a huge runed gate.
 44973 | Crypt:1  | Found a huge runed gate.
 44974 | Crypt:1  | Found a huge runed gate.
 44975 | Crypt:1  | Found a huge runed gate.
 44976 | Crypt:1  | Found a huge runed gate.
 44993 | Crypt:1  | Found a huge runed gate.
 45036 | Crypt:1  | Found the +8 Wrath of Trog {antimagic, *Rage Rampage}
 45036 | Crypt:1  | Noticed Yhipuh's ghost (veteran GrEE)
 45036 | Crypt:1  | Noticed Cikey's ghost (adept DgNe)
 45036 | Crypt:1  | Noticed Ucsunolie's ghost (veteran GrFi)
 45036 | Crypt:1  | Noticed Yhipuh's ghost (veteran GrEE)
 45036 | Crypt:1  | Noticed Asajosug's ghost (legendary GrBe)
 45036 | Crypt:1  | Noticed Zijastu's ghost (veteran MiBe)
 45036 | Crypt:1  | Noticed Utoppaes's ghost (veteran GrFi)
 45036 | Crypt:1  | Noticed Cikey's ghost (adept DgNe)
 45036 | Crypt:1  | Noticed a dread lich
 45055 | Crypt:1  | Killed Yhipuh's ghost
 45058 | Crypt:1  | Killed a dread lich
 45067 | Crypt:1  | Killed Ucsunolie's ghost
 45067 | Crypt:1  | Killed Zijastu's ghost
 45097 | Crypt:1  | Killed Asajosug's ghost
 45108 | Vaults:3 | Killed Utoppaes's ghost
 45147 | Vaults:3 | Killed Yhipuh's ghost
 45149 | Vaults:3 | Killed Cikey's ghost
 45160 | Crypt:1  | Killed Cikey's ghost
 45200 | Crypt:1  | Identified the +0 pair of boots of Vehumet's Hope {Rampage
                  | rPois Int+2}
 45254 | Crypt:2  | Noticed Boris
 45268 | Crypt:2  | Killed Boris
 45451 | Crypt:2  | Noticed Saint Roka
 45466 | Crypt:2  | Killed Saint Roka
 45629 | Crypt:2  | Noticed Donald
 45637 | Crypt:2  | Killed Donald
 45693 | Crypt:2  | Lost mutation: You are partially covered in large bone
                  | plates. (SH +4) [Jiyva's grace]
 45693 | Crypt:2  | Lost mutation: Your movements are slightly less encumbered
                  | by armour. (ER -2) [Jiyva's grace]
 45693 | Crypt:2  | Lost mutation: Your melee attacks may engulf your foes in
                  | ooze. [Jiyva's grace]
 45693 | Crypt:2  | Gained mutation: You have hidden genetic potential.
                  | [Jiyva's grace]
 45693 | Crypt:2  | Gained mutation: You have great hidden genetic potential.
                  | [Jiyva's grace]
 45693 | Crypt:2  | Gained mutation: Your melee attacks may engulf your foes in
                  | ooze. [Jiyva's grace]
 45693 | Crypt:2  | Gained mutation: You passively dampen the noise of your
                  | surroundings. [Jiyva's grace]
 46025 | Crypt:3  | Entered Level 3 of the Crypt
 46072 | Crypt:3  | Reached skill level 27 in Ice Magic
 46204 | Crypt:3  | Noticed Boris
 46206 | Crypt:3  | Killed Boris
 46461 | Crypt:3  | Identified the +2 leather armour "Foig" {Dex+2}
 46578 | Crypt:3  | Found a staircase to the Tomb.
 46737 | Crypt:3  | Identified the +7 mace "Djinni's Doom" {flame, rElec rPois}
 47062 | Crypt:3  | Noticed a dread lich
 47066 | Crypt:3  | Killed a dread lich
 47339 | Crypt:3  | Identified the staff of Slow Death {rF+ rN+ Str+5 Fire}
 47741 | Depths:4 | Bought a scroll of acquirement for 1300 gold pieces
 47741 | Depths:4 | Acquired 930 gold pieces
 47776 | Hell     | Entered the Vestibule of Hell
 47776 | Hell     | Noticed Geryon
 47890 | Hell     | Killed Geryon
 47965 | Hell     | Noticed an ancient lich
 47974 | Hell     | Killed an ancient lich
 47998 | Hell     | Found a gateway to the decaying netherworld of Tartarus.
 48093 | Hell     | Found a gateway to the freezing wastes of Cocytus.
 48250 | Hell     | Found a gateway to the ashen valley of Gehenna.
 48471 | Hell     | Found a gateway to the Iron City of Dis.
 48554 | Geh:1    | Entered Level 1 of Gehenna
 48899 | Geh:2    | Lost mutation: You have a pair of horns on your head.
                  | [Jiyva's grace]
 48899 | Geh:2    | Lost mutation: Your muscles are very strong. (Str +8,
                  | Int/Dex -2) [Jiyva's grace]
 48899 | Geh:2    | Lost mutation: Armour fits poorly on your massive
                  | pseudopods. [Jiyva's grace]
 48899 | Geh:2    | Lost mutation: Armour fits poorly on your large pseudopods.
                  | [Jiyva's grace]
 48899 | Geh:2    | Lost mutation: Armour fits poorly on your pseudopods.
                  | [Jiyva's grace]
 48899 | Geh:2    | Lost mutation: You have great hidden genetic potential.
                  | [Jiyva's grace]
 48899 | Geh:2    | Lost mutation: Your melee attacks may engulf your foes in
                  | ooze. [Jiyva's grace]
 48899 | Geh:2    | Gained mutation: Your skin changes colour to match your
                  | surroundings (Stealth+). [Jiyva's grace]
 48899 | Geh:2    | Gained mutation: Your skin blends seamlessly with your
                  | surroundings (Stealth++). [Jiyva's grace]
 48899 | Geh:2    | Gained mutation: Your skin perfectly mimics your
                  | surroundings (Stealth+++). [Jiyva's grace]
 48899 | Geh:2    | Gained mutation: Your muscles are very strong. (Str +8,
                  | Int/Dex -2) [Jiyva's grace]
 48903 | Geh:2    | Noticed an ancient lich
 48914 | Geh:2    | Killed an ancient lich
 49227 | Geh:3    | Gained mutation: You are very robust. (+20% HP) [hidden
                  | potential]
 49463 | Geh:4    | You are sucked into a shaft and drop 2 floors!
 49747 | Geh:7    | Entered Level 7 of Gehenna
 50004 | Geh:7    | Noticed the Serpent of Hell
 50010 | Geh:7    | Killed the Serpent of Hell
 50251 | Geh:7    | Found the +13 sceptre of Asmodeus
 50251 | Geh:7    | Noticed Asmodeus
 50271 | Geh:7    | Killed Asmodeus
 50283 | Geh:7    | Got an obsidian rune of Zot
 50807 | Coc:1    | Entered Level 1 of Cocytus
 50832 | Coc:1    | Gained mutation: You expend health (3 HP) to strengthen
                  | your wands. [hidden potential]
 50832 | Coc:1    | Lost mutation: You have hidden genetic potential. [hidden
                  | potential expressed]
 50885 | Coc:1    | You are sucked into a shaft and drop 1 floor!
 51107 | Coc:3    | Noticed a shard shrike
 51108 | Coc:3    | Killed a shard shrike
 51108 | Coc:3    | Noticed a shard shrike
 51112 | Coc:3    | Killed a shard shrike
 51257 | Coc:3    | Noticed a shard shrike
 51260 | Coc:3    | Killed a shard shrike
 51757 | Coc:5    | Noticed a shard shrike
 51760 | Coc:5    | Killed a shard shrike
 51795 | Coc:5    | Noticed a shard shrike
 51796 | Coc:5    | Noticed a shard shrike
 51797 | Coc:5    | Killed a shard shrike
 51820 | Coc:5    | Killed a shard shrike
 51991 | Coc:6    | Noticed an ancient lich
 52000 | Coc:6    | Killed an ancient lich
 52042 | Coc:6    | Lost mutation: You have a pair of small horns on your head.
                  | [Jiyva's grace]
 52042 | Coc:6    | Lost mutation: You are very robust. (+20% HP) [Jiyva's
                  | grace]
 52042 | Coc:6    | Lost mutation: You are covered in fur. (AC +1) [Jiyva's
                  | grace]
 52042 | Coc:6    | Lost mutation: Your spells are harder to cast, but more
                  | powerful. [Jiyva's grace]
 52042 | Coc:6    | Lost mutation: Your spells are a little harder to cast, but
                  | a little more powerful. [Jiyva's grace]
 52042 | Coc:6    | Gained mutation: You have a pair of small horns on your
                  | head. [Jiyva's grace]
 52042 | Coc:6    | Gained mutation: You have a pair of horns on your head.
                  | [Jiyva's grace]
 52042 | Coc:6    | Gained mutation: You have a pair of large horns on your
                  | head. [Jiyva's grace]
 52042 | Coc:6    | Gained mutation: You are partially covered in iridescent
                  | scales. (AC +2) [Jiyva's grace]
 52207 | Coc:7    | Entered Level 7 of Cocytus
 52232 | Coc:7    | Paralysed by a wendigo for 1 turns
 52244 | Coc:7    | Noticed a shard shrike
 52535 | Coc:7    | Reached skill level 27 in Spellcasting
 52535 | Coc:7    | Reached skill level 27 in Conjurations
 52535 | Coc:7    | Reached skill level 27 in Hexes
 52535 | Coc:7    | Reached skill level 27 in Summonings
 52535 | Coc:7    | Reached skill level 27 in Necromancy
 52535 | Coc:7    | Reached skill level 27 in Translocations
 52535 | Coc:7    | Reached skill level 27 in Transmutations
 52535 | Coc:7    | Reached skill level 27 in Fire Magic
 52535 | Coc:7    | Reached skill level 27 in Air Magic
 52535 | Coc:7    | Reached skill level 27 in Earth Magic
 52535 | Coc:7    | Reached skill level 27 in Poison Magic
 52605 | Coc:7    | Killed a shard shrike
 52822 | Coc:7    | Noticed a shard shrike
 52825 | Coc:7    | Noticed a shard shrike
 52827 | Coc:7    | Killed a shard shrike
 52834 | Coc:7    | Killed a shard shrike
 52925 | Coc:7    | Identified the amulet of Lalur {RegenMP +Inv rC+ rCorr}
 53167 | Coc:7    | Noticed Antaeus
 53192 | Coc:7    | Killed Antaeus
 53215 | Coc:7    | Got an icy rune of Zot
 53345 | Tar:1    | Entered Level 1 of Tartarus
 53614 | Tar:2    | Reached skill level 1 in Evocations
 53633 | Tar:2    | Was placed under penance by Jiyva
 53810 | Tar:2    | Was forgiven by Jiyva
 53946 | Dis:1    | Entered Level 1 of the Iron City of Dis
 54128 | Depths:3 | Voluntarily entered the Abyss.
 54128 | Abyss:1  | Found a corrupted altar of Lugonu.
 54405 | Abyss:3  | Lost mutation: You are partially covered in iridescent
                  | scales. (AC +2) [Jiyva's grace]
 54405 | Abyss:3  | Lost mutation: Your skin perfectly mimics your surroundings
                  | (Stealth+++). [Jiyva's grace]
 54405 | Abyss:3  | Lost mutation: Your skin blends seamlessly with your
                  | surroundings (Stealth++). [Jiyva's grace]
 54405 | Abyss:3  | Lost mutation: Your muscles are very strong. (Str +8,
                  | Int/Dex -2) [Jiyva's grace]
 54405 | Abyss:3  | Gained mutation: You have sharp fingernails. [Jiyva's
                  | grace]
 54405 | Abyss:3  | Gained mutation: You have very sharp fingernails. [Jiyva's
                  | grace]
 54405 | Abyss:3  | Gained mutation: You have claws for hands. [Jiyva's grace]
 54405 | Abyss:3  | Gained mutation: Your mind is acute. (Int +4, Str/Dex -1)
                  | [Jiyva's grace]
 54569 | Abyss:3  | Got an abyssal rune of Zot
 54914 | Abyss:3  | Found a corrupted altar of Lugonu.
 54961 | Abyss:3  | Found a corrupted altar of Lugonu.
 55039 | Abyss:3  | Noticed an ancient lich
 55043 | Abyss:3  | Killed an ancient lich
 55314 | Depths:3 | Escaped the Abyss
 55519 | Zot:1    | Entered Level 1 of the Realm of Zot
 55737 | Zot:1    | Found the +4 dragonskin cloak
 55737 | Zot:1    | Noticed Tiamat
 55761 | Zot:1    | Reached skill level 5 in Evocations
 55764 | Zot:1    | Killed Tiamat
 55921 | Zot:1    | Lost mutation: You have claws for hands. [Jiyva's grace]
 55921 | Zot:1    | Lost mutation: You have a pair of large horns on your head.
                  | [Jiyva's grace]
 55921 | Zot:1    | Lost mutation: Your rubbery body absorbs attacks. (AC +1,
                  | EV +1) [Jiyva's grace]
 55921 | Zot:1    | Gained mutation: You are strong-willed. (Will+) [Jiyva's
                  | grace]
 55921 | Zot:1    | Gained mutation: You are highly strong-willed. (Will++)
                  | [Jiyva's grace]
 55921 | Zot:1    | Gained mutation: You are extremely strong-willed. (Will+++)
                  | [Jiyva's grace]
 55921 | Zot:1    | Gained mutation: You are partially covered in iridescent
                  | scales. (AC +2) [Jiyva's grace]
 55959 | Zot:1    | Noticed Grunn
 55963 | Zot:1    | Killed Grunn
 56145 | Zot:2    | Noticed a Killer Klown
 56148 | Zot:2    | Killed a Killer Klown
 56194 | Zot:2    | Identified the orb of Ubioq {mayhem, Regen+}
 56260 | Zot:2    | You are sucked into a shaft and drop 1 floor!
 56566 | Zot:3    | Reached skill level 27 in Fighting
 56655 | Zot:4    | Identified the +1 cloak "Ahuecap" {*Corrode rPois rF+
                  | Will+}
 56769 | Zot:4    | Found the +7 staff of the Meek {protect, meekguard}
 56805 | Zot:4    | Identified the +1 scale mail of Ludash {Int+2}
 56876 | Zot:4    | Identified the +11 chain mail "Xacokem" {Dex+2}
 56896 | Zot:4    | Identified the +8 sling "Hiamefiz" {elec, rPois Dex+5}
 57304 | Zot:4    | Noticed an ancient lich
 57310 | Zot:4    | Killed an ancient lich
 57360 | Zot:4    | Found a stormy altar of Qazlal.
 57376 | Zot:4    | Identified the staff of the Moon {+Blink rPois rF+ rC- rN+
                  | Conj}
 57821 | Zot:5    | Entered Level 5 of the Realm of Zot
 58974 | Tar:6    | Was placed under penance by Jiyva
 59220 | Tar:7    | Entered Level 7 of Tartarus
 59384 | Hell     | Lost mutation: You have a small jelly attached to you that
                  | senses nearby items. [the all-consuming vengeance of Jiyva]
 59566 | Zot:2    | Was forgiven by Jiyva
 59620 | Zot:2    | Lost mutation: You have a pair of horns on your head.
                  | [Jiyva's grace]
 59620 | Zot:2    | Lost mutation: Your mind is acute. (Int +4, Str/Dex -1)
                  | [Jiyva's grace]
 59620 | Zot:2    | Lost mutation: You are extremely strong-willed. (Will+++)
                  | [Jiyva's grace]
 59620 | Zot:2    | Lost mutation: Your natural rate of healing is unusually
                  | fast. [Jiyva's grace]
 59620 | Zot:2    | Lost mutation: You expend health (3 HP) to strengthen your
                  | wands. [Jiyva's grace]
 59620 | Zot:2    | Gained mutation: Your movements are slightly less
                  | encumbered by armour. (ER -2) [Jiyva's grace]
 59620 | Zot:2    | Gained mutation: Your movements are less encumbered by
                  | armour. (ER -4) [Jiyva's grace]
 59620 | Zot:2    | Gained mutation: Your movements are significantly less
                  | encumbered by armour. (ER -6) [Jiyva's grace]
 59620 | Zot:2    | Gained mutation: Armour fits poorly on your pseudopods.
                  | [Jiyva's grace]
 60803 | Tar:7    | Found the +6 arbalest "Damnation" {damnation}
 60808 | Tar:7    | Identified the +0 dire flail of Hell's Wrath {venom, Will+
                  | Str+3 SInv}
 60814 | Tar:7    | Identified the +2 shortbow of Oloi {speed, Dex+5}
 60815 | Tar:7    | Identified the +0 plate armour of the Marlin {rC- rN+
                  | Str+3}
 61168 | Tar:7    | Noticed Ereshkigal
 61261 | Tar:7    | Paralysed by Ereshkigal for 4 turns
 61265 | Tar:7    | Killed Ereshkigal
 61291 | Tar:7    | Got a bone rune of Zot
 61709 | Dis:2    | Noticed a dread lich
 61716 | Dis:2    | Killed a dread lich
 62654 | Dis:5    | You are sucked into a shaft and drop 1 floor!
 62700 | Dis:6    | Lost mutation: You have a pair of small horns on your head.
                  | [Jiyva's grace]
 62700 | Dis:6    | Lost mutation: Your skin changes colour to match your
                  | surroundings (Stealth+). [Jiyva's grace]
 62700 | Dis:6    | Lost mutation: Your muscles are strong. (Str +4, Int/Dex
                  | -1) [Jiyva's grace]
 62700 | Dis:6    | Lost mutation: Your movements are significantly less
                  | encumbered by armour. (ER -6) [Jiyva's grace]
 62700 | Dis:6    | Lost mutation: Your movements are less encumbered by
                  | armour. (ER -4) [Jiyva's grace]
 62700 | Dis:6    | Gained mutation: You are covered in slimy tendrils that may
                  | disarm your opponents. [Jiyva's grace]
 62700 | Dis:6    | Gained mutation: Your body has grown eyes which may confuse
                  | attackers. (Acc +3) [Jiyva's grace]
 62700 | Dis:6    | Gained mutation: Your body has grown many eyes which may
                  | confuse attackers. (Acc +5) [Jiyva's grace]
 62700 | Dis:6    | Gained mutation: Your body is covered in eyes which may
                  | confuse attackers. (Acc +7, SInv) [Jiyva's grace]
 62860 | Dis:7    | Entered Level 7 of the Iron City of Dis
 63118 | Dis:7    | HP: 7/250 [quicksilver elemental/bolt of dispelling energy
                  | (51)]
 63329 | Dis:7    | Reached skill level 10 in Evocations
 63725 | Dis:7    | Noticed an ancient lich
 63736 | Dis:7    | Killed an ancient lich
 64235 | Dis:7    | Identified the +1 plate armour of the Cobbler {rF- Str+6
                  | Int-3 Dex+2}
 64269 | Dis:7    | Identified the +5 falchion of Deformation {pain, rF+ rC+
                  | Stlth+}
 64350 | Dis:7    | Noticed Dispater
 64366 | Dis:7    | Killed Dispater
 64404 | Dis:7    | Got an iron rune of Zot
 64850 | Dis:7    | Found the ring of the Tortoise {AC+8}
 65461 | Vaults:4 | Bought the ring of the Hare {EV+10} for 2048 gold pieces
 65461 | Vaults:4 | Found the ring of the Hare {EV+10}
 65904 | Pan      | Entered Pandemonium
 65910 | Pan      | Noticed Zom Piug the pandemonium lord
 65914 | Pan      | Killed Zom Piug the pandemonium lord
 66358 | Pan      | Lost mutation: Armour fits poorly on your pseudopods.
                  | [Jiyva's grace]
 66358 | Pan      | Lost mutation: You passively dampen the noise of your
                  | surroundings. [Jiyva's grace]
 66358 | Pan      | Gained mutation: Your melee attacks may engulf your foes in
                  | ooze. [Jiyva's grace]
 66358 | Pan      | Gained mutation: Your mind is acute. (Int +4, Str/Dex -1)
                  | [Jiyva's grace]
 66358 | Pan      | Gained mutation: Your mind is very acute. (Int +8, Str/Dex
                  | -2) [Jiyva's grace]
 66358 | Pan      | Gained mutation: You are agile. (Dex +4, Str/Int -1)
                  | [Jiyva's grace]
 66667 | Pan      | Identified the +5 short sword of Anguish {flame, rN+ Dex+4}
 66852 | Pan      | Noticed Oriogamn the pandemonium lord
 66878 | Pan      | Killed Oriogamn the pandemonium lord
 67548 | Pan      | Found a runed translucent door.
 67721 | Pan      | Lost mutation: You have very sharp fingernails. [Jiyva's
                  | grace]
 67721 | Pan      | Lost mutation: Your body is covered in eyes which may
                  | confuse attackers. (Acc +7, SInv) [Jiyva's grace]
 67721 | Pan      | Lost mutation: You are covered in slimy tendrils that may
                  | disarm your opponents. [Jiyva's grace]
 67721 | Pan      | Gained mutation: Your flesh is almost immune to the effects
                  | of heat. (rF+++) [Jiyva's grace]
 67721 | Pan      | Gained mutation: You have a small jelly attached to you
                  | that senses nearby items. [Jiyva's grace]
 67721 | Pan      | Gained mutation: You have a small jelly attached to you
                  | that may absorb projectiles. [Jiyva's grace]
 67721 | Pan      | Gained mutation: You passively dampen the noise of your
                  | surroundings. [Jiyva's grace]
 68157 | Pan      | Noticed Haudo the pandemonium lord
 68161 | Pan      | Killed Haudo the pandemonium lord
 68257 | Pan      | Entered the realm of Mnoleg.
 68431 | Pan      | Noticed Mnoleg
 68433 | Pan      | Gained mutation: You have hidden genetic defects. [a
                  | neqoxec]
 68452 | Pan      | Killed Mnoleg
 68539 | Pan      | Lost mutation: Your mind is very acute. (Int +8, Str/Dex
                  | -2) [a neqoxec]
 68630 | Pan      | Got a glowing rune of Zot
 68992 | Pan      | Found an exit through the horrors of the Abyss.
 69065 | Pan      | Found an exit through the horrors of the Abyss.
 69289 | Pan      | Noticed Sisume the pandemonium lord
 69318 | Pan      | Killed Sisume the pandemonium lord
 69695 | Pan      | Lost mutation: You are highly strong-willed. (Will++)
                  | [Jiyva's grace]
 69695 | Pan      | Lost mutation: Your melee attacks may engulf your foes in
                  | ooze. [Jiyva's grace]
 69695 | Pan      | Gained mutation: Armour fits poorly on your pseudopods.
                  | [Jiyva's grace]
 69695 | Pan      | Gained mutation: Armour fits poorly on your large
                  | pseudopods. [Jiyva's grace]
 69695 | Pan      | Gained mutation: Armour fits poorly on your massive
                  | pseudopods. [Jiyva's grace]
 69695 | Pan      | Gained mutation: You possess an exceptional clarity of
                  | mind. [Jiyva's grace]
 69735 | Pan      | Gained mutation: You are weak. (Str -2) [hidden defects]
 69784 | Pan      | Noticed Hofenichem the pandemonium lord
 69792 | Pan      | Killed Hofenichem the pandemonium lord
 69806 | Pan      | Got a demonic rune of Zot
 70113 | Pan      | Entered the realm of Cerebov.
 70473 | Pan      | Found an exit through the horrors of the Abyss.
 70604 | Pan      | Lost mutation: You are robust. (+10% HP) [hidden defects]
 70604 | Pan      | Lost mutation: You have hidden genetic defects. [hidden
                  | defects expressed]
 70634 | Pan      | Found the +6 sword of Cerebov {flame}
 70634 | Pan      | Noticed Cerebov
 70759 | Pan      | Killed Cerebov
 70793 | Pan      | Got a fiery rune of Zot
 70937 | Pan      | Identified the +1 robe "Wefiuvvi" {rC- Str+4}
 70940 | Pan      | Identified the +4 ring mail "Xiugiolu" {rF++ Str-4}
 70968 | Pan      | Identified the +6 orcbow "Soongav" {flame, rPois Dex+3}
 70995 | Pan      | Identified the +0 ring mail of the Game Afoot {rElec Str+3
                  | Int-2}
 71262 | Pan      | Noticed Arewnit the pandemonium lord
 71369 | Pan      | Killed Arewnit the pandemonium lord
 71816 | Pan      | Found an exit through the horrors of the Abyss.
 71971 | Pan      | Lost mutation: Armour fits poorly on your massive
                  | pseudopods. [Jiyva's grace]
 71971 | Pan      | Lost mutation: Armour fits poorly on your large pseudopods.
                  | [Jiyva's grace]
 71971 | Pan      | Gained mutation: You are robust. (+10% HP) [Jiyva's grace]
 71971 | Pan      | Gained mutation: You are very robust. (+20% HP) [Jiyva's
                  | grace]
 71971 | Pan      | Gained mutation: You are extremely robust. (+30% HP)
                  | [Jiyva's grace]
 71971 | Pan      | Gained mutation: You have a somewhat thin skeletal
                  | structure. (Dex +2, Stealth+) [Jiyva's grace]
 72216 | Pan      | Noticed Neiph the pandemonium lord
 72225 | Pan      | Killed Neiph the pandemonium lord
 72677 | Pan      | Noticed Qubukar the pandemonium lord
 72685 | Pan      | Killed Qubukar the pandemonium lord
 73039 | Pan      | Found an exit through the horrors of the Abyss.
 73421 | Pan      | Entered the realm of Lom Lobon.
 73421 | Pan      | Noticed Lom Lobon
 73533 | Pan      | Identified the +6 mace of Fee Simple {heavy, Will++}
 73639 | Pan      | Found an exit through the horrors of the Abyss.
 73695 | Pan      | Lost mutation: You are agile. (Dex +4, Str/Int -1) [Jiyva's
                  | grace]
 73695 | Pan      | Lost mutation: Your mind is acute. (Int +4, Str/Dex -1)
                  | [Jiyva's grace]
 73695 | Pan      | Lost mutation: Your flesh is almost immune to the effects
                  | of heat. (rF+++) [Jiyva's grace]
 73695 | Pan      | Lost mutation: You are weak. (Str -2) [Jiyva's grace]
 73695 | Pan      | Lost mutation: Your body has grown many eyes which may
                  | confuse attackers. (Acc +5) [Jiyva's grace]
 73695 | Pan      | Lost mutation: Your body has grown eyes which may confuse
                  | attackers. (Acc +3) [Jiyva's grace]
 73695 | Pan      | Gained mutation: You passively map a small area around you.
                  | [Jiyva's grace]
 73695 | Pan      | Gained mutation: You passively map the area around you.
                  | [Jiyva's grace]
 73695 | Pan      | Gained mutation: You passively map a large area around you.
                  | [Jiyva's grace]
 73695 | Pan      | Gained mutation: Your melee attacks may engulf your foes in
                  | ooze. [Jiyva's grace]
 74240 | Pan      | Killed Lom Lobon
 74304 | Pan      | Got a magical rune of Zot
 74569 | Pan      | Entered the realm of Gloorx Vloq.
 74576 | Pan      | Was placed under penance by Jiyva
 74850 | Pan      | Was forgiven by Jiyva
 74870 | Pan      | Found an exit through the horrors of the Abyss.
 75218 | Pan      | Noticed Gloorx Vloq
 75233 | Pan      | Killed Gloorx Vloq
 75311 | Pan      | Got a dark rune of Zot
 75411 | Pan      | Reached skill level 27 in Dodging
 75565 | Pan      | Took an exit into the Abyss.
 75565 | Abyss:3  | Escaped into the Abyss
 75566 | Abyss:3  | Found a corrupted altar of Lugonu.
 75569 | Depths:2 | Escaped the Abyss
 75770 | Zig:1    | Entered Level 1 of a ziggurat
 75771 | Zig:1    | Noticed a royal mummy
 75778 | Zig:1    | Killed a royal mummy
 75793 | Zig:2    | Entered Level 2 of a ziggurat
 75911 | Zig:3    | Entered Level 3 of a ziggurat
 75914 | Zig:3    | Noticed a dread lich
 75917 | Zig:3    | Killed a dread lich
 76035 | Zig:4    | Entered Level 4 of a ziggurat
 76053 | Zig:4    | Identified the +8 flail of Instinct {freeze, Contam rF++
                  | Int+7}
 76069 | Zig:5    | Entered Level 5 of a ziggurat
 76090 | Zig:5    | Identified the staff of Turmoil {Fly rElec rCorr MP-9 Int-3
                  | Air}
 76102 | Zig:6    | Entered Level 6 of a ziggurat
 76111 | Zig:6    | Paralysed by an air elemental for 1 turns
 76132 | Zig:7    | Entered Level 7 of a ziggurat
 76154 | Zig:7    | Identified the staff of the Vanishing Princes {Drain rC+
                  | rN+++ Str+3 Dex+3 Ice}
 76172 | Zig:8    | Entered Level 8 of a ziggurat
 76195 | Zig:8    | Identified the +1 quarterstaff of Dazess {flame, Will+}
 76198 | Zig:8    | Identified the +8 broad axe "Toriez" {spect, rF+ Str+2
                  | Int+3}
 76200 | Zig:8    | Identified the +6 falchion "Erouceon" {venom, rF+ Will+}
 76209 | Zig:9    | Entered Level 9 of a ziggurat
 76217 | Zig:9    | Noticed Doelal the pandemonium lord
 76222 | Zig:9    | Killed Doelal the pandemonium lord
 76252 | Zig:9    | Reached skill level 15 in Evocations
 76274 | Zig:10   | Entered Level 10 of a ziggurat
 76298 | Zig:10   | Identified the +8 whip of Xycul {flame, Fly Str+3}
 76302 | Zig:10   | Identified the amulet of Intercession {Will+ Regen+}
 76335 | Zig:11   | Entered Level 11 of a ziggurat
 76342 | Zig:11   | Noticed a Killer Klown
 76342 | Zig:11   | Noticed a Killer Klown
 76343 | Zig:11   | Noticed Xoumenes the pandemonium lord
 76343 | Zig:11   | Found the +12 glaive of Prune {freeze, Prune}
 76345 | Zig:11   | Killed a Killer Klown
 76345 | Zig:11   | Killed a Killer Klown
 76345 | Zig:11   | Noticed Xauraehum the pandemonium lord
 76346 | Zig:11   | Killed Xoumenes the pandemonium lord
 76354 | Zig:11   | Killed Xauraehum the pandemonium lord
 76370 | Zig:11   | Identified the ring "Kemumm" {MP+9 Str+6 SInv}
 76373 | Zig:11   | Identified the staff "Harr" {rElec MP+9 Air}
 76375 | Zig:11   | Identified the staff of the Singing Shrike {rN+ Dex+4
                  | Necro}
 76398 | Zig:12   | Entered Level 12 of a ziggurat
 76457 | Zig:12   | Identified the staff of Action {rF+ Str+4 Fire}
 76460 | Zig:13   | Entered Level 13 of a ziggurat
 76466 | Zig:13   | Noticed an ancient lich
 76466 | Zig:13   | Noticed an ancient lich
 76469 | Zig:13   | Killed an ancient lich
 76469 | Zig:13   | Killed an ancient lich
 76505 | Zig:14   | Entered Level 14 of a ziggurat
 76505 | Zig:14   | Lost mutation: You have sharp fingernails. [Jiyva's grace]
 76505 | Zig:14   | Lost mutation: You have a small jelly attached to you that
                  | senses nearby items. [Jiyva's grace]
 76505 | Zig:14   | Lost mutation: Your movements are slightly less encumbered
                  | by armour. (ER -2) [Jiyva's grace]
 76505 | Zig:14   | Gained mutation: You are mostly covered in iridescent
                  | scales. (AC +4) [Jiyva's grace]
 76505 | Zig:14   | Gained mutation: You are completely covered in iridescent
                  | scales. (AC +6) [Jiyva's grace]
 76505 | Zig:14   | Gained mutation: You have a pair of small horns on your
                  | head. [Jiyva's grace]
 76505 | Zig:14   | Gained mutation: You have a pair of horns on your head.
                  | [Jiyva's grace]
 76548 | Zig:14   | Identified the +1 quarterstaff "Icosaorch" {elec, rC++
                  | Int+3 Stlth+}
 76688 | Zig:15   | Entered Level 15 of a ziggurat
 76698 | Zig:15   | Noticed an ancient lich
 76702 | Zig:15   | Killed an ancient lich
 76704 | Zig:15   | Reached skill level 5 in Stealth
 76705 | Zig:15   | Noticed a dread lich
 76720 | Zig:15   | Killed a dread lich
 76746 | Zig:15   | Identified the +8 plate armour of the Thoughtful Beggars
                  | {Dex+3}
 76782 | Zig:15   | Acquired the +0 pair of gloves of Xisch {rF+ Will+ MP+9
                  | Dex-2}
 76815 | Zig:16   | Entered Level 16 of a ziggurat
 76834 | Zig:16   | Identified the +11 shortbow of Nightmares {elec, rCorr}
 76835 | Zig:16   | Identified the +1 scale mail "Trusted Companion" {Drain
                  | Str+8}
 76840 | Zig:16   | Identified the +3 plate armour of the Kangaroo {rC- Will+
                  | Str+3}
 76845 | Zig:17   | Entered Level 17 of a ziggurat
 76890 | Zig:17   | Identified the +5 ring mail of Howling Wind {Harm Int+4}
 76896 | Zig:17   | Identified the ring of Sykuk {rC+ Will+ Int+3 Dex+4}
 76899 | Zig:17   | Identified the +0 kite shield of the Ditch-Digger {rN+}
 76906 | Zig:18   | Entered Level 18 of a ziggurat
 76913 | Zig:18   | Noticed Wyzxe's ghost (legendary OpFE)
 76921 | Zig:18   | Noticed Cetzew's ghost (legendary GrEE)
 76921 | Zig:18   | Killed Wyzxe's ghost
 76924 | Zig:18   | Noticed Gishoal's ghost (legendary KoBr)
 76924 | Zig:18   | Noticed Wyzxe's ghost (legendary OpFE)
 76925 | Zig:18   | Killed Cetzew's ghost
 76926 | Zig:18   | Noticed pornopis's ghost (legendary BaHu)
 76928 | Zig:18   | Noticed Diwoup's ghost (legendary TeAE)
 76928 | Zig:18   | Noticed Diwoup's ghost (legendary TeAE)
 76928 | Zig:18   | Noticed Sphaat's ghost (legendary GrFi)
 76938 | Zig:18   | Killed Wyzxe's ghost
 76939 | Zig:18   | Reached skill level 27 in Armour
 76942 | Zig:18   | Killed Gishoal's ghost
 76943 | Zig:18   | Found the +8 lance "Wyrmbane" {slay drac, rPois rF+ rC+
                  | AC+3}
 76947 | Zig:18   | Killed pornopis's ghost
 76954 | Zig:18   | HP: 11/296 [Diwoup's ghost/great blast of fire (49)]
 76964 | Zig:18   | Identified the +0 rapier of Pase Supla {elec, Will+ Str-3
                  | Dex+4}
 76967 | Zig:19   | Entered Level 19 of a ziggurat
 77051 | Zig:19   | Identified the staff "Ceesaf" {rC+ rN+ MP+9 Int-3 Necro}
 77055 | Zig:19   | Identified the ring "Lous" {MP+9 Int+3}
 77061 | Zig:20   | Entered Level 20 of a ziggurat
 77119 | Zig:21   | Entered Level 21 of a ziggurat
 77187 | Zig:21   | Reached skill level 27 in Shields
 77206 | Zig:21   | Identified the +3 plate armour "Itsanog" {Dex+5}
 77212 | Zig:21   | Identified the staff "Susubran" {rN++ Int+4 Dex+4 Earth}
 77239 | Zig:22   | Entered Level 22 of a ziggurat
 77240 | Zig:22   | Reached skill level 10 in Stealth
 77270 | Zig:22   | Identified the staff of the Hierophant {rF+ Earth}
 77270 | Zig:22   | Noticed Deczano the pandemonium lord
 77270 | Zig:22   | Found the +7 lajatang of Order {silver, rMut}
 77274 | Zig:22   | HP: 12/296 [hellion/damnation (39)]
 78513 | Zot:5    | Noticed a dread lich
 78514 | Zot:5    | Noticed an ancient lich
 78517 | Zot:5    | Killed a dread lich
 78542 | Zot:5    | Noticed an ancient lich
 78560 | Zot:5    | Killed an ancient lich
 78565 | Zot:5    | Noticed a Killer Klown
 78568 | Zot:5    | Noticed an orb of fire
 78570 | Zot:5    | Killed a Killer Klown
 78570 | Zot:5    | Noticed an orb of fire
 78618 | Zot:5    | Gained mutation: You do not regenerate when monsters are
                  | visible. [an orb of fire]
 78619 | Zot:5    | Killed an orb of fire
 78620 | Zot:5    | Lost mutation: You have a somewhat thin skeletal structure.
                  | (Dex +2, Stealth+) [potion of mutation]
 78620 | Zot:5    | Lost mutation: You have a small jelly attached to you that
                  | may absorb projectiles. [potion of mutation]
 78620 | Zot:5    | Lost mutation: You are strong-willed. (Will+) [potion of
                  | mutation]
 78620 | Zot:5    | Lost mutation: You are extremely robust. (+30% HP) [potion
                  | of mutation]
 78620 | Zot:5    | Lost mutation: Armour fits poorly on your pseudopods.
                  | [potion of mutation]
 78620 | Zot:5    | Lost mutation: You do not regenerate when monsters are
                  | visible. [potion of mutation]
 78634 | Zot:5    | Killed an orb of fire
 78662 | Zot:5    | Killed an ancient lich
 79380 | Tomb:1   | Entered Level 1 of the Tomb of the Ancients
 79827 | Tomb:1   | Lost mutation: You are completely covered in iridescent
                  | scales. (AC +6) [Jiyva's grace]
 79827 | Tomb:1   | Lost mutation: You passively map a large area around you.
                  | [Jiyva's grace]
 79827 | Tomb:1   | Lost mutation: Your melee attacks may engulf your foes in
                  | ooze. [Jiyva's grace]
 79827 | Tomb:1   | Gained mutation: Your natural rate of healing is unusually
                  | fast. [Jiyva's grace]
 79827 | Tomb:1   | Gained mutation: You heal very quickly. [Jiyva's grace]
 79827 | Tomb:1   | Gained mutation: You regenerate. [Jiyva's grace]
 79827 | Tomb:1   | Gained mutation: Your spells are a little harder to cast,
                  | but a little more powerful. [Jiyva's grace]
 79899 | Tomb:1   | Noticed a royal mummy
 79909 | Tomb:1   | Killed a royal mummy
 79926 | Tomb:1   | Noticed a royal mummy
 79931 | Tomb:1   | Killed a royal mummy
 79966 | Tomb:1   | Noticed a royal mummy
 79971 | Tomb:1   | Killed a royal mummy
 80282 | Tomb:2   | Noticed a royal mummy
 80282 | Tomb:2   | Noticed a royal mummy
 80282 | Tomb:2   | Noticed a royal mummy
 80282 | Tomb:2   | Noticed a royal mummy
 80290 | Tomb:2   | Killed a royal mummy
 80290 | Tomb:2   | Was placed under penance by Jiyva
 80291 | Tomb:2   | Killed a royal mummy
 80292 | Tomb:2   | Killed a royal mummy
 80300 | Tomb:2   | Killed a royal mummy
 80703 | Tomb:1   | Noticed a royal mummy
 80703 | Tomb:1   | Noticed a royal mummy
 80703 | Tomb:1   | Noticed a royal mummy
 80703 | Tomb:1   | Noticed a royal mummy
 80708 | Tomb:1   | Killed a royal mummy
 80709 | Tomb:1   | Reached skill level 15 in Stealth
 80710 | Tomb:1   | Killed a royal mummy
 80712 | Tomb:1   | Killed a royal mummy
 80712 | Tomb:1   | Killed a royal mummy
 80749 | Tomb:1   | Noticed a royal mummy
 80753 | Tomb:1   | Noticed a royal mummy
 80754 | Tomb:1   | Killed a royal mummy
 80758 | Tomb:1   | Noticed a royal mummy
 80759 | Tomb:1   | Killed a royal mummy
 80764 | Tomb:1   | Killed a royal mummy
 80798 | Tomb:1   | Noticed a royal mummy
 80802 | Tomb:1   | Killed a royal mummy
 80808 | Tomb:1   | Was forgiven by Jiyva
 80810 | Tomb:1   | Noticed a royal mummy
 80816 | Tomb:1   | Killed a royal mummy
 80819 | Tomb:1   | Noticed a royal mummy
 80825 | Tomb:1   | Killed a royal mummy
 80874 | Tomb:1   | Noticed a royal mummy
 80881 | Tomb:1   | Killed a royal mummy
 80885 | Tomb:1   | Noticed a royal mummy
 80894 | Tomb:1   | Noticed a royal mummy
 80899 | Tomb:1   | Killed a royal mummy
 80902 | Tomb:1   | Killed a royal mummy
 80949 | Tomb:1   | Noticed a royal mummy
 80953 | Tomb:1   | Killed a royal mummy
 80964 | Tomb:1   | Noticed a royal mummy
 80965 | Tomb:1   | Noticed a royal mummy
 80967 | Tomb:1   | Killed a royal mummy
 80970 | Tomb:1   | Killed a royal mummy
 81188 | Tomb:3   | Entered Level 3 of the Tomb of the Ancients
 81207 | Tomb:3   | Noticed a royal mummy
 81215 | Tomb:3   | Noticed a royal mummy
 81216 | Tomb:3   | Killed a royal mummy
 81223 | Tomb:3   | Killed a royal mummy
 81229 | Tomb:3   | Noticed a royal mummy
 81231 | Tomb:3   | Killed a royal mummy
 81235 | Tomb:3   | Noticed a royal mummy
 81243 | Tomb:3   | Killed a royal mummy
 81243 | Tomb:3   | Noticed Boris
 81251 | Tomb:3   | Killed Boris
 81261 | Tomb:3   | Noticed a royal mummy
 81271 | Tomb:3   | Killed a royal mummy
 81297 | Tomb:3   | Noticed a royal mummy
 81301 | Tomb:3   | Killed a royal mummy
 81415 | Tomb:3   | Noticed a royal mummy
 81419 | Tomb:3   | Killed a royal mummy
 81440 | Tomb:3   | Noticed a royal mummy
 81446 | Tomb:3   | Killed a royal mummy
 81482 | Tomb:3   | Identified the ring "Najijar" {Contam rN+ MP+9 SInv}
 81793 | Tomb:3   | Got a golden rune of Zot
 81843 | Tomb:3   | Identified the +1 helmet of Love and Death {Regen+ Str-3
                  | Int+3}
 81849 | Tomb:3   | Identified the +10 plate armour of Awe {Int+3}
 81850 | Tomb:3   | Identified the +6 great sword "Imareat" {freeze, *Corrode
                  | *Slow Fly rPois}
 82536 | D:7      | Killed caveywoolpert's ghost
 83178 | Zot:5    | Noticed an orb of fire
 83186 | Zot:5    | Noticed an ancient lich
 83188 | Zot:5    | Lost mutation: You are very robust. (+20% HP) [an orb of
                  | fire]
 83188 | Zot:5    | Killed an orb of fire
 83196 | Zot:5    | Paralysed by a Zot trap for 5 turns
 83225 | Zot:5    | Killed an ancient lich
 83289 | Zot:5    | Noticed a Killer Klown
 83293 | Zot:5    | Noticed an orb of fire
 83295 | Zot:5    | Killed a Killer Klown
 83297 | Zot:5    | Noticed an orb of fire
 83303 | Zot:5    | Lost mutation: You possess an exceptional clarity of mind.
                  | [an orb of fire]
 83303 | Zot:5    | Noticed a Killer Klown
 83305 | Zot:5    | Gained mutation: You are dopey. (Int -2) [an orb of fire]
 83307 | Zot:5    | Killed an orb of fire
 83310 | Zot:5    | Killed an orb of fire
 83320 | Zot:5    | Killed a Killer Klown
 83780 | Zot:5    | Got the Orb of Zot
 84038 | Zot:3    | Lost mutation: You are mostly covered in iridescent scales.
                  | (AC +4) [potion of mutation]
 84038 | Zot:3    | Lost mutation: You are partially covered in iridescent
                  | scales. (AC +2) [potion of mutation]
 84038 | Zot:3    | Lost mutation: You are robust. (+10% HP) [potion of
                  | mutation]
 84039 | Zot:3    | Lost mutation: You regenerate. [potion of mutation]
 84039 | Zot:3    | Lost mutation: You passively map the area around you.
                  | [potion of mutation]
 84039 | Zot:3    | Lost mutation: You passively map a small area around you.
                  | [potion of mutation]
 84039 | Zot:3    | Lost mutation: Your spells are a little harder to cast, but
                  | a little more powerful. [potion of mutation]
 84039 | Zot:3    | Gained mutation: You have very sharp teeth. [potion of
                  | mutation]
 84040 | Zot:3    | Lost mutation: You have a pair of horns on your head.
                  | [potion of mutation]
 84040 | Zot:3    | Lost mutation: You heal very quickly. [potion of mutation]
 84040 | Zot:3    | Lost mutation: You have very sharp teeth. [potion of
                  | mutation]
 84040 | Zot:3    | Gained mutation: You have hidden genetic potential. [potion
                  | of mutation]
 84040 | Zot:3    | Lost mutation: You have hidden genetic potential. [potion
                  | of mutation]
 84864 | D:1      | Noticed Kiyrig the pandemonium lord
 84873 | D:$      | Escaped with the Orb!

Illustrated notes

Levels and vault maps discovered:
D:1:      kilobyte_arrival_exit_the_forest, layout_loops_cross,
          dreamdust_ecumenical_altar_angels_and_demons, minivault_11
D:2:      layout_basic, basic_altar, serial_co_window_serial,
          co_window_of_opportunity_a, co_window_paths_a, co_window_corner_a,
          co_window_paths_a, co_window_cross_1, co_window_cross_2,
          co_window_unsneaky_path_a, co_window_corner_b, glass_columns_a,
          glass_columns_a, glass_columns_a, uniq_terence, uniq_jessica,
          uniq_crazy_yiuf_cottage
D:3:      layout_loops_ring, cheibrodos_sewer_entry_bend
D:4:      layout_basic, grunt_temple_overflow_cloverleaf,
          dreamdust_princess_bridge
D:5:      layout_rooms, kennysheep_mini_moat,
          minmay_temple_entry_enclosed_plants, uniq_prince_ribbit1, uniq_sigmund
D:6:      layout_cave_pools, nicolae_hepliaklqana_monster_ancestors,
          uniq_grinder, uniq_menkaure
D:7:      layout_rooms, lemuel_doored_altar, grunt_temple_overflow_open,
          serial_demonic, serial_demonic_a, serial_demonic_d, serial_demonic_e,
          serial_demonic_b, gammafunk_ghost_nasty_kobolds, eino_tiny_chamber
D:8:      layout_basic, uniq_pikel, uniq_maurice, uniq_psyche
D:9:      layout_basic, minmay_lair_entry_grove, serial_shops, shop
D:10:     layout_cave_pods, minivault_16, kennysheep_boxes, uniq_nergalle,
          uniq_amaemon
D:11:     layout_basic, erik_orc_3, dreamdust_princess_corridor,
          minmay_misc_feat_tower
D:12:     layout_rooms, serial_shops, shop, amcnicky_mini_pool_medium
D:13:     layout_basic, skrybe_vaults_entry_preservation, serial_shops, shop,
          shop, shop, portal_ice_cave_entry_imps
D:14:     layout_basic, serial_shops, shop, nicolae_elyvilon_temple_path,
          ploomutoo_gammafunk_ghost_potion_laboratory, minmay_joined_circles,
          uniq_roxanne, uniq_lodul
D:15:     hangedman_depths_entry_try_elsewhere_first, layout_rooms,
          serial_corexii_hall, corexii_hall_statues_i, corexii_hall_statues_i
Temple:   cyrus_circular_temple
Lair:1:   layout_long_grid, ebering_ghost_disaster_area,
          chequers_serial_rivers_micro_a, fungi_pond_lemuel,
          hellmonk_guarded_unrand_zhor
Lair:2:   layout_regular_city, spider_nest_entry_funnel_web,
          gauntlet_entry_generic, infiniplex_staircase_pool_2
Lair:3:   layout_concentric_octagons, nicolae_swamp_entry_splash_gauntlet
Lair:4:   layout_hall_layers, chequers_serial_rivers_micro_b
Lair:5:   due_jungle_book, layout_loops_ring, slime_entry_2, enter_volcano_4
Swamp:1:  layout_basic_swamp, evilmike_swamp_ruin_house_2,
          nicolae_swamp_very_dense_foliage
Swamp:2:  layout_falls_marsh, evilmike_swamp_ruin_house_1, swamp_pool5,
          st_shrine_of_shade, uniq_mlioglotl, uniq_aizul
Swamp:3:  layout_falls_marsh, gammafunk_ghost_arena, nicolae_swamp_stair_fork
Swamp:4:  swamp_pestilence, layout_basic_swamp
Spider:1: layout_spider_delve, nicolae_spider_scorpion_nest, uniq_louise
Spider:2: layout_spider_delve, uniq_arachne
Spider:3: layout_spider_delve
Spider:4: grunt_spider_rune_circles, nicolae_spider_bug_shape
Slime:1:  layout_caves, cheibrodos_slime_lost_civilization_6
Slime:2:  layout_caves, basic_altar, nicolae_slime_getting_an_eyeful
Slime:3:  layout_caves, dissolution_awaits
Slime:4:  layout_caves
Slime:5:  slime_pit_nicolae_amoeboid
Orc:1:    layout_caves, lightli_orcish_oven, uniq_harold, uniq_josephine
Orc:2:    st_orc_pillars, layout_diamond_mine, basic_altar, serial_shops,
          nicolae_shop_gibbet_a_chance, uniq_jorgrun
Elf:1:    minmay_elf_arrival_summoners, layout_loops_ring,
          gammafunk_ghost_fury_of_okawaru, hangedman_corner_corridor,
          st_stairs_12
Elf:2:    nicolae_elf_blades_crystal_corner, layout_geoelf_grid
Elf:3:    grunt_elf_hall_branching, layout_geoelf_diagonals,
          nicolae_shop_sticking_my_neck_out, minmay_shop_star, uniq_mara
Vaults:1: v_misc_8, ontoclasm_vaults_ring_square, vaults_mumra_minichess,
          v_rooms_3, nicolae_vaults_lightning_bolt, nicolae_vaults_weapon_check,
          hangedman_vaults_hard_town_square, nicolae_vaults_trapezoid_2,
          nicolae_vaults_doubleplus_tesselated,
          nicolae_vaults_closet_pinwheel_4, hangedman_vaults_maws,
          layout_vaults_big_room
Vaults:2: vaults_mumra_hex, v_misc_25, nicolae_vaults_cochlea,
          nicolae_vaults_shipping_containers_5, vaults_room_mumra_shop_pool,
          hangedman_vaults_stretched_pinwheel, vaults_dpeg_encased_lava,
          layout_vaults_omnigrid
Vaults:3: vaults_mumra_minichess_inversion, minmay_crypt_entry_nasty_monster,
          v_misc_27, vaults_room_fours, nicolae_vaults_border_crossing,
          vaults_standard_mumra_x, vaults_mumra_lcd,
          nicolae_vaults_ellipses_ellipsis, nicolae_vaults_enemy_cabinets,
          v_misc_16, nicolae_vaults_circle_grid_a, vaults_room_stairs_pillars,
          vaults_room_hallway, vaults_dpeg_ring, layout_vaults_omnicross,
          serial_shops, shop_statue
Vaults:4: nicolae_vaults_steering_wheel, ontoclasm_vaults_spin, v_misc_33,
          vaults_dpeg_hooks, nicolae_vaults_octothorpe, nicolae_vaults_house_1,
          v_pattern_1, hangedman_vaults_stagger, v_alt_pattern_4,
          nicolae_vaults_theta, nicolae_vaults_trapezoid_lopsided_3,
          nicolae_vaults_offset_grid_hallway_3, ontoclasm_vaults_misaligned,
          vaults_room_door_ring, nicolae_vaults_sealed_display,
          grunt_vaults_focal, grunt_vaults_hallway_short, layout_vaults_omnibox,
          serial_shops, shop
Vaults:5
Crypt:1:  layout_misc_corridors, gammafunk_ghost_door_vault
Crypt:2:  layout_chaotic_city, grunt_megastairs_3, uniq_boris, uniq_donald,
          uniq_saint_roka
Crypt:3:  quadcrypt_mu
Tomb:1
Tomb:2
Tomb:3
Depths:1: layout_cave_shapes, chequers_serial_rivers_micro_d,
          grunt_mini_vestibule, columned_hall_lemuel, grunt_ministairs_15,
          chequers_serial_rivers_micro_d, kennysheep_cross_bottleneck,
          amcnicky_mini_rare_corridor_liquid, minivault_16, nicolae_the_louvre
Depths:2: minmay_the_grid_octo_tiled_squarecenter_mashed
          [minmay_the_grid_octo_checkered, minmay_the_grid_octo_teeth,
          minmay_the_grid_octo_chip, minmay_the_grid_octo_fan_narrow,
          minmay_the_grid_square_5x5_megaprize_open,
          minmay_the_grid_square_5x5_doubleslash,
          minmay_the_grid_square_5x5_half_checkered,
          minmay_the_grid_square_5x5_spiral,
          minmay_the_grid_square_5x5_three_walls], layout_long_grid,
          enter_ziggurat_c, grunt_hell_entry_dis_old, rand_demon_pan_entry_7,
          good_gods_temple_1
Depths:3: cheibrodos_tormentor_scu, layout_cave_shapes, hangedman_coc_ice_floe,
          hangedman_abyss_entry_splay, infiniplex_staircase_river
Depths:4: grunt_zot_entry_bicorn, layout_gridlike, nicolae_uskayaw_dance_hall,
          hell_entry, minmay_shoptagon
Hell
Dis:1:    layout_subdivisions
Dis:2:    layout_overlapping_boxes
Dis:3:    layout_regular_city, nicolae_dis_strange_trophy_room
Dis:4:    layout_jigsaw
Dis:5:    layout_regular_city
Dis:6:    layout_subdivisions
Dis:7:    iron_city_of_dis [dis_old, dis_wall_2], layout_gridville
Geh:1:    layout_gehenna_pools_triple
Geh:2:    layout_gehenna_pools_basic
Geh:3:    layout_gehenna_pools_triple
Geh:4:    nicolae_hells_demon_pit, layout_gehenna_pools_basic
Geh:6:    layout_gehenna_pools_triple
Geh:7:    geh_old
Coc:1:    layout_ice_bergs
Coc:2:    layout_ice_bergs
Coc:3:    layout_cocytus_water_paths
Coc:4:    layout_ice_bergs
Coc:5:    layout_cocytus_water_paths
Coc:6:    layout_ice_bergs
Coc:7:    coc_dpeg
Tar:1:    layout_grid_maze
Tar:2:    layout_cathedral_of_symmetry
Tar:3:    layout_grid_maze
Tar:4:    layout_catacombs
Tar:5:    layout_catacombs
Tar:6:    layout_honeycomb
Tar:7:    tar_old
Zot:1:    layout_onion, uniq_grunn, uniq_tiamat
Zot:2:    nicolae_zot_stationary_front, layout_basic
Zot:3:    layout_misc_corridors
Zot:4:    regret_index_qazlal_generations, layout_onion, st_large_dragon_hoard_2
Zot:5:    layout_misc_corridors, nicolae_zot_crop_circle

Skill      XL: |  1  2  3  4  5  6  7  8  9 10 11 12 13 14 15 16 17 18 19 20 21 22 23 24 25 26 27 |
---------------+----------------------------------------------------------------------------------+-----
Spellcasting   | 3 4 5 6 7 8 10 11 12 13 14 15 16 17 18 19 20 21 22 27 | 27.0
Conjurations   | 3 4 5 6 7 8 10 11 12 13 14 15 16 17 18 19 20 21 22 27 | 27.0
Hexes          | 3 4 5 6 7 8 10 11 12 13 14 15 16 17 18 19 20 21 22 27 | 27.0
Summonings     | 3 4 5 6 7 8 10 11 12 13 14 15 16 17 18 19 20 21 22 27 | 27.0
Necromancy     | 3 4 5 6 7 8 10 11 12 13 14 15 16 17 18 19 20 21 22 27 | 27.0
Translocations | 3 4 5 6 7 8 10 11 12 13 14 15 16 17 18 19 20 21 22 27 | 27.0
Transmutations | 3 4 5 6 7 8 10 11 12 13 14 15 16 17 18 19 20 21 22 27 | 27.0
Fire Magic     | 3 4 5 6 7 8 10 11 12 13 14 15 16 17 18 19 20 21 22 27 | 27.0
Ice Magic      | 3 4 5 6 7 8 10 11 12 13 14 15 16 17 18 19 20 21 23 24 26 27 | 27.0
Air Magic      | 3 4 5 6 7 8 10 11 12 13 14 15 16 17 18 19 20 21 22 27 | 27.0
Earth Magic    | 3 4 5 6 7 8 10 11 12 13 14 15 16 17 18 19 20 21 22 27 | 27.0
Poison Magic   | 3 4 5 6 7 8 10 11 12 13 14 15 16 17 18 19 20 21 22 27 | 27.0
Fighting       | 1 2 3 4 5 6 7 8 9 10 11 12 13 14 15 16 17 18 19 20 21 27 | 27.0
Armour         | 1 2 3 4 6 8 10 12 14 15 27 | 27.0
Shields        | 1 2 3 4 6 7 9 10 11 12 13 14 15 27 | 27.0
Dodging        | 3 6 8 10 11 12 14 15 17 18 27 | 27.0
Evocations     | 23 | 23.2
Stealth        | 18 | 18.5

Action                     |  1- 3 |  4- 6 |  7- 9 | 10-12 | 13-15 | 16-18 | 19-21 | 22-24 | 25-27 || total
---------------------------+-------+-------+-------+-------+-------+-------+-------+-------+-------++-------
  Melee: Dagger            |    15 |    10 |       |       |       |       |       |       |       ||    25
         Quarterstaff      |       |       |    11 |       |       |       |       |       |       ||    11
         Staff             |       |       |    54 |    91 |       |       |       |       |    31 ||   176
         Trident           |       |       |    24 |    45 |       |       |       |       |       ||    69
         Rapier            |       |       |       |   126 |   365 |     1 |       |       |       ||   492
         Pseudopods        |       |       |       |    35 |    90 |     1 |       |     4 |    12 ||   142
         Short sword       |       |       |       |       |       |       |       |    13 |    60 ||    73
         Bite              |       |       |       |       |       |       |       |     2 |       ||     2
         Headbutt          |       |       |       |       |       |       |       |     3 |    29 ||    32
   Cast: Magic Dart        |    26 |   132 |   281 |   567 |   108 |       |       |       |       ||  1114
         Call Imp          |     2 |     8 |    19 |       |       |       |       |       |       ||    29
         Slow              |     1 |       |       |       |       |       |       |       |       ||     1
         Summon Small Mamm |     1 |     8 |    16 |       |       |       |       |       |       ||    25
         Blink             |       |       |     1 |     5 |    11 |     2 |       |    20 |    17 ||    56
         Dazzling Flash    |       |       |     1 |       |       |       |     2 |       |       ||     3
         Summon Guardian G |       |       |     5 |    50 |    24 |     3 |       |       |     1 ||    83
         Mephitic Cloud    |       |       |       |    55 |    22 |    12 |       |       |       ||    89
         Silence           |       |       |       |     1 |       |       |       |       |       ||     1
         Lee's Rapid Decon |       |       |       |       |   132 |       |       |    16 |       ||   148
         Plasma Beam       |       |       |       |       |   176 |   488 |   400 |   371 |  3117 ||  4552
         Starburst         |       |       |       |       |       |   105 |    29 |    29 |   274 ||   437
         Leda's Unmaking   |       |       |       |       |       |       |   168 |    58 |  1224 ||  1450
         Infestation       |       |       |       |       |       |       |       |     1 |     4 ||     5
         Fire Storm        |       |       |       |       |       |       |       |       |   119 ||   119
         Dragon's Call     |       |       |       |       |       |       |       |       |    36 ||    36
 Invoke: Oozemancy         |       |       |       |       |     1 |       |       |       |       ||     1
         Slimify           |       |       |       |       |     1 |       |       |       |       ||     1
  Evoke: Wand              |       |       |       |       |       |       |       |       |     7 ||     7
         Horn of Geryon    |       |       |       |       |       |       |       |       |     7 ||     7
         Phantom mirror    |       |       |       |       |       |       |       |       |     5 ||     5
         Phial of floods   |       |       |       |       |       |       |       |       |     1 ||     1
         Piece from Xom's  |       |       |       |       |       |       |       |       |     1 ||     1
    Use: Scroll            |       |     5 |     4 |     9 |     8 |     8 |       |       |    29 ||    63
         Potion            |       |       |       |       |       |       |     1 |       |    59 ||    60
   Stab: Distracted        |     2 |       |       |       |       |       |       |       |     2 ||     4
         Confused          |       |       |       |     8 |     3 |       |       |       |     1 ||    12
         Paralysed         |       |       |       |     2 |       |       |       |       |       ||     2
 Armour: Robe              |     1 |       |       |       |       |       |       |       |       ||     1
         Leather armour    |     6 |     4 |     7 |       |       |       |       |       |       ||    17
         Ring mail         |       |       |    46 |       |       |       |       |       |       ||    46
         Steam dragon scal |       |       |    84 |   114 |       |       |       |       |       ||   198
         Scale mail        |       |       |       |   251 |       |       |       |    58 |   537 ||   846
         Animal skin       |       |       |       |    62 |   203 |    59 |    24 |       |       ||   348
         Skin              |       |       |       |       |       |       |       |       |   118 ||   118
  Dodge: Dodged            |    11 |    14 |   194 |   457 |   261 |   137 |    69 |    99 |  1286 ||  2528
  Block: Kite shield       |       |       |       |   225 |   356 |   132 |       |       |  1833 ||  2546
         Tower shield      |       |       |       |       |       |     2 |   127 |   220 |   180 ||   529

Table legend: (Time is in decaauts)
 A = Elapsed time spent in this place.
 B = Non-inter-level travel time spent in this place.
 C = Inter-level travel time spent in this place.
 D = Time resting spent in this place.
 E = Time spent auto-exploring this place.
 F = Levels seen in this place.
 G = Mean time per level.
                   A        B        C        D        E       F      G
               +--------+--------+--------+--------+--------+-----+--------+
         Total |  86254 |  77581 |   8673 |   8793 |  44849 | 129 |  668.6 |
       Dungeon |  18349 |  15846 |   2503 |   3158 |   8396 |  15 | 1223.3 |
        Temple |     59 |     59 |      0 |      0 |     42 |   1 |   59.0 |
          Lair |   6635 |   5990 |    645 |    681 |   3066 |   5 | 1327.0 |
         Swamp |   2654 |   2511 |    143 |     89 |   1846 |   4 |  663.5 |
   Spider Nest |   2304 |   2195 |    109 |    185 |   1495 |   4 |  576.0 |
    Slime Pits |   1391 |   1289 |    102 |      0 |   1199 |   5 |  278.2 |
  Orcish Mines |   1483 |   1415 |     68 |     88 |    930 |   2 |  741.5 |
   Elven Halls |   2961 |   2807 |    154 |     74 |   1749 |   3 |  987.0 |
        Vaults |   6246 |   5115 |   1131 |    153 |   3986 |   5 | 1249.2 |
         Crypt |   3477 |   2928 |    549 |     61 |   2187 |   3 | 1159.0 |
          Tomb |   3027 |   2894 |    133 |    628 |   1007 |   3 | 1009.0 |
        Depths |   5597 |   4237 |   1360 |    358 |   2475 |   4 | 1399.2 |
          Hell |   1214 |   1050 |    164 |    143 |    407 |   1 | 1214.0 |
           Dis |   3612 |   3536 |     76 |    729 |   1753 |   7 |  516.0 |
       Gehenna |   2210 |   2125 |     85 |    138 |   1195 |   6 |  368.3 |
       Cocytus |   2463 |   2249 |    214 |     95 |   1476 |   7 |  351.9 |
      Tartarus |   3097 |   2737 |    360 |    569 |   1424 |   7 |  442.4 |
           Zot |   5389 |   4518 |    871 |    450 |   2647 |   5 | 1077.8 |
         Abyss |   1189 |   1189 |      0 |      0 |    462 |   4 |  297.2 |
   Pandemonium |   9663 |   9663 |      0 |    446 |   6510 |  12 |  805.2 |
      Ziggurat |   1469 |   1469 |      0 |    401 |      0 |  22 |   66.8 |
         Sewer |    474 |    474 |      0 |    106 |    252 |   1 |  474.0 |
      Ice Cave |    169 |    169 |      0 |      0 |    105 |   1 |  169.0 |
       Volcano |    448 |    448 |      0 |     39 |    181 |   1 |  448.0 |
      Gauntlet |    660 |    660 |      0 |    201 |     58 |   1 |  660.0 |
               +--------+--------+--------+--------+--------+-----+--------+

Top non-repeatable levels by time:
    D:15: 2992 daAuts
   Dis:7: 2229 daAuts
   Zot:4: 1867 daAuts
Depths:2: 1833 daAuts
 Crypt:3: 1687 daAuts
  Lair:1: 1608 daAuts
Depths:4: 1519 daAuts
  Lair:2: 1506 daAuts
     D:8: 1504 daAuts
Depths:1: 1493 daAuts
   Tar:7: 1489 daAuts
     D:6: 1483 daAuts
  Lair:5: 1453 daAuts
  Tomb:1: 1452 daAuts
     D:9: 1446 daAuts
